Workbook

Sheet Dashboard
A1: PROJECT BUDGET – STRENGTHENING THE VOICES OF OLDER PEOPLE IN KASULU DISTRICT THROUGH INCLUSIVE DIALOGUE AND COLLABORATION WITH CIVIL SOCIETY, STAKEHOLDERS, AND LOCAL GOVERNMENT AUTHORITY
A3: Project | B3: EWAKI/HelpAge Small Grant | D3: Cost Centre | E3: Budget (TZS) | F3: Actual (TZS) | G3: Commitment (TZS) | H3: Balance (TZS) | I3: % Spent | J3: Budget GBP | K3: Actual GBP
A4: Country/Region | B4: Tanzania - Kigoma/Kasulu | D4: Personnel | E4: =SUMIFS(Budget_Map!$L:$L,Budget_Map!$B:$B,D4) -> 6800000 | F4: =SUMIFS(General_Ledger!$L:$L,General_Ledger!$H:$H,D4) -> 250000 | G4: =SUMIFS(General_Ledger!$M:$M,General_Ledger!$H:$H,D4)+SUMIFS(Commitments!$J:$J,Commitments!$F:$F,D4) -> 0 | H4: =E4-F4-G4 -> 6550000 | I4: =IF(E4=0,0,F4/E4) -> 0.036764706 | J4: =E4/$B$7 -> 2064.9863 | K4: =F4/$B$7 -> 75.918615
A5: Duration | B5: 8 Months | D5: Programme Implementation | E5: =SUMIFS(Budget_Map!$L:$L,Budget_Map!$B:$B,D5) -> 21130000 | F5: =SUMIFS(General_Ledger!$L:$L,General_Ledger!$H:$H,D5) -> 0 | G5: =SUMIFS(General_Ledger!$M:$M,General_Ledger!$H:$H,D5)+SUMIFS(Commitments!$J:$J,Commitments!$F:$F,D5) -> 0 | H5: =E5-F5-G5 -> 21130000 | I5: =IF(E5=0,0,F5/E5) -> 0 | J5: =E5/$B$7 -> 6416.6414 | K5: =F5/$B$7 -> 0
A6: Workbook Purpose | B6: Project ledger and Annex 4 reporting feed | D6: Monitoring and Evaluation | E6: =SUMIFS(Budget_Map!$L:$L,Budget_Map!$B:$B,D6) -> 2950000 | F6: =SUMIFS(General_Ledger!$L:$L,General_Ledger!$H:$H,D6) -> 50000 | G6: =SUMIFS(General_Ledger!$M:$M,General_Ledger!$H:$H,D6)+SUMIFS(Commitments!$J:$J,Commitments!$F:$F,D6) -> 0 | H6: =E6-F6-G6 -> 2900000 | I6: =IF(E6=0,0,F6/E6) -> 0.016949153 | J6: =E6/$B$7 -> 895.83966 | K6: =F6/$B$7 -> 15.183723
A7: Exchange Rate (TZS/GBP) | B7: 3293 | D7: Overhead | E7: =SUMIFS(Budget_Map!$L:$L,Budget_Map!$B:$B,D7) -> 1624288 | F7: =SUMIFS(General_Ledger!$L:$L,General_Ledger!$H:$H,D7) -> 0 | G7: =SUMIFS(General_Ledger!$M:$M,General_Ledger!$H:$H,D7)+SUMIFS(Commitments!$J:$J,Commitments!$F:$F,D7) -> 0 | H7: =E7-F7-G7 -> 1624288 | I7: =IF(E7=0,0,F7/E7) -> 0 | J7: =E7/$B$7 -> 493.25478 | K7: =F7/$B$7 -> 0
A8: Total Budget (TZS) | B8: =SUM(Budget_Map!L:L) -> 32504288
A9: Total Budget (GBP) | B9: =B8/B7 -> 9870.7221 | D9: TOTAL | E9: =SUM(E4:E7) -> 32504288 | F9: =SUM(F4:F7) -> 300000 | G9: =SUM(G4:G7) -> 0 | H9: =SUM(H4:H7) -> 32204288 | I9: =IF(E9=0,0,F9/E9) -> 0.0092295515 | J9: =SUM(J4:J7) -> 9870.7221 | K9: =SUM(K4:K7) -> 91.102338
A10: Actual Expense (TZS)
A11: Commitments (TZS) | B11: =SUM(General_Ledger!M:M)+SUM(Commitments!J:J) -> 0
A12: Available Balance (TZS) | B12: =B8-B10-B11 -> 32504288
A32: ATTENDANCE MONITORING SUMMARY
A33: Total Registered Participants | B33: =Attendance_Summary!B3 -> 1 | C33: Total Present | D33: =Attendance_Summary!B4 -> 1
A34: Female | B34: =Attendance_Summary!B5 -> 0 | C34: Male | D34: =Attendance_Summary!B6 -> 1
A35: With Disability | B35: =Attendance_Summary!B7 -> 0 | C35: Without Disability | D35: =Attendance_Summary!B8 -> 1
A36: Older Persons 60+ | B36: =Attendance_Summary!B9 -> 0 | C36: Unique Affiliations | D36: =Attendance_Summary!B10 -> 1
A37: Attendance Register Sheet | B37: Attendance_Register | C37: Attendance Summary Sheet | D37: Attendance_Summary
A38: Finance Link | B38: Attendance activity lines are linked to Chart_of_Accounts and Donor Budget Codes
A39: Data Source | B39: Attendance_Register!A4:Q304

Sheet Budget_Map
A1: Cost Centre Code | B1: Cost Centre | C1: Donor Budget Code | D1: Account Code | E1: Budget Category | F1: Budget Line / Description | G1: Budget Notes | H1: Unit Cost (TZS) | I1: No. Units | J1: No. People | K1: Months | L1: Approved Budget (TZS) | M1: Approved Budget (GBP)
A2: PER | B2: Personnel | C2: PER-001 | D2: 5001 | E2: Personnel Costs | F2: Project Manager | G2: Oversight and coordination | H2: 250000 | K2: 8 | L2: 2000000 | M2: =L2/Dashboard!$B$7 -> 607.34892
A3: PER | B3: Personnel | C3: PER-002 | D3: 5002 | E3: Personnel Costs | F3: Field Coordinator | G3: Field supervision and logistics | H3: 200000 | K3: 8 | L3: 1600000 | M3: =L3/Dashboard!$B$7 -> 485.87914
A4: PER | B4: Personnel | C4: PER-003 | D4: 5003 | E4: Personnel Costs | F4: M&E Officer | G4: Monitoring, data collection, reporting | H4: 150000 | K4: 8 | L4: 1200000 | M4: =L4/Dashboard!$B$7 -> 364.40935
A5: PER | B5: Personnel | C5: PER-004 | D5: 5004 | E5: Personnel Costs | F5: Finance Officer | G5: Financial management and compliance | H5: 150000 | K5: 8 | L5: 1200000 | M5: =L5/Dashboard!$B$7 -> 364.40935
A6: PER | B6: Personnel | C6: PER-005 | D6: 5005 | E6: Personnel Costs | F6: Sign Language Interpreter | G6: Support during forums and workshops | H6: 100000 | K6: 8 | L6: 800000 | M6: =L6/Dashboard!$B$7 -> 242.93957
A7: PI | B7: Programme Implementation | C7: PI-001 | D7: 5101 | E7: Activity 1: Inclusive Dialogue Forums (×4 forums) – 120 unique participants | F7: Venue hire | H7: 200000 | I7: 4 | L7: 800000 | M7: =L7/Dashboard!$B$7 -> 242.93957
A8: PI | B8: Programme Implementation | C8: PI-002 | D8: 5102 | E8: Activity 1: Inclusive Dialogue Forums (×4 forums) – 120 unique participants | F8: Participant transport / meals | H8: 10000 | I8: 4 | J8: 120 | L8: 4800000 | M8: =L8/Dashboard!$B$7 -> 1457.6374
A9: PI | B9: Programme Implementation | C9: PI-003 | D9: 5103 | E9: Activity 1: Inclusive Dialogue Forums (×4 forums) – 120 unique participants | F9: Stationery and materials | H9: 50000 | I9: 4 | L9: 200000 | M9: =L9/Dashboard!$B$7 -> 60.734892
A10: PI | B10: Programme Implementation | C10: PI-004 | D10: 5104 | E10: Activity 1: Inclusive Dialogue Forums (×4 forums) – 120 unique participants | F10: Facilitator allowance | H10: 100000 | I10: 4 | J10: 2 | L10: 800000 | M10: =L10/Dashboard!$B$7 -> 242.93957
A11: PI | B11: Programme Implementation | C11: PI-005 | D11: 5111 | E11: Activity 2: Capacity Building Workshops (×5 workshops) – 120 unique OPA & CSO participants | F11: Venue hire | H11: 150000 | I11: 5 | L11: 750000 | M11: =L11/Dashboard!$B$7 -> 227.75585
A12: PI | B12: Programme Implementation | C12: PI-006 | D12: 5112 | E12: Activity 2: Capacity Building Workshops (×5 workshops) – 120 unique OPA & CSO participants | F12: Participant transport / meals | H12: 10000 | I12: 5 | J12: 120 | L12: 6000000 | M12: =L12/Dashboard!$B$7 -> 1822.0468
A13: PI | B13: Programme Implementation | C13: PI-007 | D13: 5113 | E13: Activity 2: Capacity Building Workshops (×5 workshops) – 120 unique OPA & CSO participants | F13: Training materials & printing | H13: 30000 | I13: 5 | L13: 150000 | M13: =L13/Dashboard!$B$7 -> 45.551169
A14: PI | B14: Programme Implementation | C14: PI-008 | D14: 5114 | E14: Activity 2: Capacity Building Workshops (×5 workshops) – 120 unique OPA & CSO participants | F14: Trainer / facilitator fees | H14: 100000 | I14: 5 | J14: 1 | L14: 500000 | M14: =L14/Dashboard!$B$7 -> 151.83723
A15: PI | B15: Programme Implementation | C15: PI-009 | D15: 5121 | E15: Activity 3: Advocacy Campaigns Against Ageism | F15: Radio Kwizera airtime (1-hr slots) | H15: 415000 | I15: 2 | L15: 830000 | M15: =L15/Dashboard!$B$7 -> 252.0498
A16: PI | B16: Programme Implementation | C16: PI-010 | D16: 5122 | E16: Activity 3: Advocacy Campaigns Against Ageism | F16: NFM Radio airtime (30-min slot) | H16: 500000 | I16: 1 | L16: 500000 | M16: =L16/Dashboard!$B$7 -> 151.83723
A17: PI | B17: Programme Implementation | C17: PI-011 | D17: 5123 | E17: Activity 3: Advocacy Campaigns Against Ageism | F17: Poster design & printing (500 posters) | H17: 1600 | I17: 500 | L17: 800000 | M17: =L17/Dashboard!$B$7 -> 242.93957
A18: PI | B18: Programme Implementation | C18: PI-012 | D18: 5124 | E18: Activity 3: Advocacy Campaigns Against Ageism | F18: Advocacy brief design & printing (2 briefs) | H18: 100000 | I18: 2 | L18: 200000 | M18: =L18/Dashboard!$B$7 -> 60.734892
A19: PI | B19: Programme Implementation | C19: PI-013 | D19: 5125 | E19: Activity 3: Advocacy Campaigns Against Ageism | F19: Community mobilisation transport/meals (1 campaign) | G19: Field-based radio and outreach mobilisation | H19: 10000 | I19: 1 | J19: 80 | L19: 800000 | M19: =L19/Dashboard!$B$7 -> 242.93957
A20: PI | B20: Programme Implementation | C20: PI-014 | D20: 5131 | E20: Activity 4: Stakeholder Coordination Meetings (×4 meetings) – 75 unique participants | F20: Venue hire | G20: Coordination meeting venue hire | H20: 150000 | I20: 4 | L20: 600000 | M20: =L20/Dashboard!$B$7 -> 182.20468
A21: PI | B21: Programme Implementation | C21: PI-015 | D21: 5132 | E21: Activity 4: Stakeholder Coordination Meetings (×4 meetings) – 75 unique participants | F21: Participant transport / meals | H21: 10000 | I21: 4 | J21: 75 | L21: 3000000 | M21: =L21/Dashboard!$B$7 -> 911.02338
A22: PI | B22: Programme Implementation | C22: PI-016 | D22: 5133 | E22: Activity 4: Stakeholder Coordination Meetings (×4 meetings) – 75 unique participants | F22: Documentation & reporting | H22: 100000 | I22: 4 | L22: 400000 | M22: =L22/Dashboard!$B$7 -> 121.46978
A23: ME | B23: Monitoring and Evaluation | C23: ME-001 | D23: 5201 | E23: A. M&E Tools and Framework Design | F23: Results framework design & M&E plan [One-off; Month 1] | H23: 150000 | I23: 1 | L23: 150000 | M23: =L23/Dashboard!$B$7 -> 45.551169
A24: ME | B24: Monitoring and Evaluation | C24: ME-002 | D24: 5202 | E24: A. M&E Tools and Framework Design | F24: Data collection tools (surveys, registers, feedback forms) [Disaggregated by gender, age, disability per SCORE/HAT] | H24: 100000 | I24: 1 | L24: 100000 | M24: =L24/Dashboard!$B$7 -> 30.367446
A25: ME | B25: Monitoring and Evaluation | C25: ME-003 | D25: 5203 | E25: A. M&E Tools and Framework Design | F25: Printing of data collection tools and registers [1 set per quarter] | H25: 80000 | I25: 4 | L25: 320000 | M25: =L25/Dashboard!$B$7 -> 97.175828
A26: ME | B26: Monitoring and Evaluation | C26: ME-004 | D26: 5211 | E26: B. Baseline and Endline Reviews | F26: Baseline survey – enumerator allowances [3 enumerators × 1 day, Month 1] | H26: 50000 | I26: 3 | L26: 150000 | M26: =L26/Dashboard!$B$7 -> 45.551169
A27: ME | B27: Monitoring and Evaluation | C27: ME-005 | D27: 5212 | E27: B. Baseline and Endline Reviews | F27: Endline survey – enumerator allowances [3 enumerators × 1 day, Month 8] | H27: 50000 | I27: 3 | L27: 150000 | M27: =L27/Dashboard!$B$7 -> 45.551169
A28: ME | B28: Monitoring and Evaluation | C28: ME-006 | D28: 5213 | E28: B. Baseline and Endline Reviews | F28: Community attitude survey (post-campaign, n=30) [After Activity 3; per Section 6.1] | H28: 50000 | I28: 1 | L28: 50000 | M28: =L28/Dashboard!$B$7 -> 15.183723
A29: ME | B29: Monitoring and Evaluation | C29: ME-007 | D29: 5214 | E29: B. Baseline and Endline Reviews | F29: Transport for baseline/endline fieldwork [Kasulu wards] | H29: 150000 | I29: 2 | L29: 300000 | M29: =L29/Dashboard!$B$7 -> 91.102338
A30: ME | B30: Monitoring and Evaluation | C30: ME-008 | D30: 5221 | E30: C. Quarterly Monitoring and Reporting | F30: M&E Officer session allowance (quarterly reviews) [Monthly internal + quarterly OPA participatory reviews] | H30: 80000 | I30: 4 | L30: 320000 | M30: =L30/Dashboard!$B$7 -> 97.175828
A31: ME | B31: Monitoring and Evaluation | C31: ME-009 | D31: 5222 | E31: C. Quarterly Monitoring and Reporting | F31: Quarterly progress reports – printing & binding [4 reports for SCORE and stakeholders] | H31: 20000 | I31: 4 | L31: 80000 | M31: =L31/Dashboard!$B$7 -> 24.293957
A32: ME | B32: Monitoring and Evaluation | C32: ME-010 | D32: 5223 | E32: C. Quarterly Monitoring and Reporting | F32: Mid-term review facilitation (Month 4) [Led by M&E Officer and Deputy ED; written adjustment plan] | H32: 100000 | I32: 1 | L32: 100000 | M32: =L32/Dashboard!$B$7 -> 30.367446
A33: ME | B33: Monitoring and Evaluation | C33: ME-011 | D33: 5231 | E33: D. Data Management and Final Evaluation | F33: M&E Tablet for digital data collection (Android) [Shared asset used across all activities] | H33: 540000 | I33: 2 | L33: 1080000 | M33: =L33/Dashboard!$B$7 -> 327.96842
A34: ME | B34: Monitoring and Evaluation | C34: ME-012 | D34: 5232 | E34: D. Data Management and Final Evaluation | F34: Final evaluation report – design, print & dissemination [Achievements, challenges, lessons for SCORE] | H34: 150000 | I34: 1 | L34: 150000 | M34: =L34/Dashboard!$B$7 -> 45.551169
A35: OH | B35: Overhead | C35: OH-001 | D35: 5301 | E35: Overhead (5.26%) | F35: Office utilities, communications, audit, reporting | G35: Included to reconcile to Annex 1.1 and Annex 4 total budget | L35: 1624288 | M35: =L35/Dashboard!$B$7 -> 493.25478

Sheet Chart_of_Accounts
A1: Account Code | B1: Donor Budget Code | C1: Account Name / Budget Line | D1: Cost Centre Code | E1: Cost Centre | F1: Budget Category | G1: Approved Budget (TZS) | H1: Approved Budget (GBP)
A2: 5001 | B2: PER-001 | C2: Project Manager | D2: PER | E2: Personnel | F2: Personnel Costs | G2: 2000000 | H2: =G2/Dashboard!$B$7 -> 607.34892
A3: 5002 | B3: PER-002 | C3: Field Coordinator | D3: PER | E3: Personnel | F3: Personnel Costs | G3: 1600000 | H3: =G3/Dashboard!$B$7 -> 485.87914
A4: 5003 | B4: PER-003 | C4: M&E Officer | D4: PER | E4: Personnel | F4: Personnel Costs | G4: 1200000 | H4: =G4/Dashboard!$B$7 -> 364.40935
A5: 5004 | B5: PER-004 | C5: Finance Officer | D5: PER | E5: Personnel | F5: Personnel Costs | G5: 1200000 | H5: =G5/Dashboard!$B$7 -> 364.40935
A6: 5005 | B6: PER-005 | C6: Sign Language Interpreter | D6: PER | E6: Personnel | F6: Personnel Costs | G6: 800000 | H6: =G6/Dashboard!$B$7 -> 242.93957
A7: 5101 | B7: PI-001 | C7: Venue hire | D7: PI | E7: Programme Implementation | F7: Activity 1: Inclusive Dialogue Forums (×4 forums) – 120 unique participants | G7: 800000 | H7: =G7/Dashboard!$B$7 -> 242.93957
A8: 5102 | B8: PI-002 | C8: Participant transport / meals | D8: PI | E8: Programme Implementation | F8: Activity 1: Inclusive Dialogue Forums (×4 forums) – 120 unique participants | G8: 4800000 | H8: =G8/Dashboard!$B$7 -> 1457.6374
A9: 5103 | B9: PI-003 | C9: Stationery and materials | D9: PI | E9: Programme Implementation | F9: Activity 1: Inclusive Dialogue Forums (×4 forums) – 120 unique participants | G9: 200000 | H9: =G9/Dashboard!$B$7 -> 60.734892
A10: 5104 | B10: PI-004 | C10: Facilitator allowance | D10: PI | E10: Programme Implementation | F10: Activity 1: Inclusive Dialogue Forums (×4 forums) – 120 unique participants | G10: 800000 | H10: =G10/Dashboard!$B$7 -> 242.93957
A11: 5111 | B11: PI-005 | C11: Venue hire | D11: PI | E11: Programme Implementation | F11: Activity 2: Capacity Building Workshops (×5 workshops) – 120 unique OPA & CSO participants | G11: 750000 | H11: =G11/Dashboard!$B$7 -> 227.75585
A12: 5112 | B12: PI-006 | C12: Participant transport / meals | D12: PI | E12: Programme Implementation | F12: Activity 2: Capacity Building Workshops (×5 workshops) – 120 unique OPA & CSO participants | G12: 6000000 | H12: =G12/Dashboard!$B$7 -> 1822.0468
A13: 5113 | B13: PI-007 | C13: Training materials & printing | D13: PI | E13: Programme Implementation | F13: Activity 2: Capacity Building Workshops (×5 workshops) – 120 unique OPA & CSO participants | G13: 150000 | H13: =G13/Dashboard!$B$7 -> 45.551169
... A35: 5301 | B35: OH-001 | C35: Office utilities, communications, audit, reporting | D35: OH | E35: Overhead | F35: Overhead (5.26%) | G35: 1624288 | H35: =G35/Dashboard!$B$7 -> 493.25478

Sheet General_Ledger
A1: Transaction Date | B1: Month | C1: Voucher / Ref | D1: Account Code | E1: Donor Budget Code | F1: Budget Line | G1: Cost Centre Code | H1: Cost Centre | I1: Description | J1: Debit (TZS) | K1: Credit (TZS) | L1: Actual Expense (TZS) | M1: Commitment (TZS) | N1: Exchange Rate | O1: Actual GBP | P1: Commitment GBP | Q1: Funding Source | R1: Location | S1: Payment Method | T1: Status | U1: Remarks
A2: 46206 | B2: =IF(A2="","",TEXT(A2,"mmm-yy")) -> Jul-26 | C2: 1 | D2: 5001 | E2: =_xlfn.XLOOKUP(D2,Chart_of_Accounts!$A:$A,Chart_of_Accounts!$B:$B,"") -> PER-001 | F2: =_xlfn.XLOOKUP(D2,Chart_of_Accounts!$A:$A,Chart_of_Accounts!$C:$C,"") -> Project Manager | G2: =_xlfn.XLOOKUP(D2,Chart_of_Accounts!$A:$A,Chart_of_Accounts!$D:$D,"") -> PER | H2: =_xlfn.XLOOKUP(D2,Chart_of_Accounts!$A:$A,Chart_of_Accounts!$E:$E,"") -> Personnel | I2: PAYMENTS | J2: 250000 | K2: 0 | L2: 250000 | N2: =IF(A2="","",Dashboard!$B$7) -> 3293 | O2: =IF(L2="","",L2/N2) -> 75.918615 | P2: =IF(M2="","",M2/N2) | Q2: SCORE/HelpAge | R2: Kasulu | S2: Mobile Money | T2: Paid
A3: 46205 | B3: =IF(A3="","",TEXT(A3,"mmm-yy")) -> Jul-26 | C3: 2 | D3: 5001 | E3: =_xlfn.XLOOKUP(D3,Chart_of_Accounts!$A:$A,Chart_of_Accounts!$B:$B,"") -> PER-001 | F3: =_xlfn.XLOOKUP(D3,Chart_of_Accounts!$A:$A,Chart_of_Accounts!$C:$C,"") -> Project Manager | G3: =_xlfn.XLOOKUP(D3,Chart_of_Accounts!$A:$A,Chart_of_Accounts!$D:$D,"") -> PER | H3: =_xlfn.XLOOKUP(D3,Chart_of_Accounts!$A:$A,Chart_of_Accounts!$E:$E,"") -> Personnel | I3: BANK | J3: 0 | N3: =IF(A3="","",Dashboard!$B$7) -> 3293 | O3: =IF(L3="","",L3/N3) | P3: =IF(M3="","",M3/N3)
A4: 46639 | B4: =IF(A4="","",TEXT(A4,"mmm-yy")) -> Sept-27 | C4: 6 | D4: 5201 | E4: =_xlfn.XLOOKUP(D4,Chart_of_Accounts!$A:$A,Chart_of_Accounts!$B:$B,"") -> ME-001 | F4: =_xlfn.XLOOKUP(D4,Chart_of_Accounts!$A:$A,Chart_of_Accounts!$C:$C,"") -> Results framework design & M&E plan [One-off; Month 1] | G4: =_xlfn.XLOOKUP(D4,Chart_of_Accounts!$A:$A,Chart_of_Accounts!$D:$D,"") -> ME | H4: =_xlfn.XLOOKUP(D4,Chart_of_Accounts!$A:$A,Chart_of_Accounts!$E:$E,"") -> Monitoring and Evaluation | J4: 50000 | L4: 50000 | N4: =IF(A4="","",Dashboard!$B$7) -> 3293 | O4: =IF(L4="","",L4/N4) -> 15.183723 | P4: =IF(M4="","",M4/N4) | Q4: SCORE/HelpAge | R4: Kasulu | S4: Bank | T4: Paid
B5: =IF(A5="","",TEXT(A5,"mmm-yy")) | E5: =_xlfn.XLOOKUP(D5,Chart_of_Accounts!$A:$A,Chart_of_Accounts!$B:$B,"") -> 0 | F5: =_xlfn.XLOOKUP(D5,Chart_of_Accounts!$A:$A,Chart_of_Accounts!$C:$C,"") -> 0 | G5: =_xlfn.XLOOKUP(D5,Chart_of_Accounts!$A:$A,Chart_of_Accounts!$D:$D,"") -> 0 | H5: =_xlfn.XLOOKUP(D5,Chart_of_Accounts!$A:$A,Chart_of_Accounts!$E:$E,"") -> 0 | N5: =IF(A5="","",Dashboard!$B$7) | O5: =IF(L5="","",L5/N5) | P5: =IF(M5="","",M5/N5)
B6: =IF(A6="","",TEXT(A6,"mmm-yy")) | E6: =_xlfn.XLOOKUP(D6,Chart_of_Accounts!$A:$A,Chart_of_Accounts!$B:$B,"") -> 0 | F6: =_xlfn.XLOOKUP(D6,Chart_of_Accounts!$A:$A,Chart_of_Accounts!$C:$C,"") -> 0 | G6: =_xlfn.XLOOKUP(D6,Chart_of_Accounts!$A:$A,Chart_of_Accounts!$D:$D,"") -> 0 | H6: =_xlfn.XLOOKUP(D6,Chart_of_Accounts!$A:$A,Chart_of_Accounts!$E:$E,"") -> 0 | N6: =IF(A6="","",Dashboard!$B$7) | O6: =IF(L6="","",L6/N6) | P6: =IF(M6="","",M6/N6)
B7: =IF(A7="","",TEXT(A7,"mmm-yy")) | E7: =_xlfn.XLOOKUP(D7,Chart_of_Accounts!$A:$A,Chart_of_Accounts!$B:$B,"") -> 0 | F7: =_xlfn.XLOOKUP(D7,Chart_of_Accounts!$A:$A,Chart_of_Accounts!$C:$C,"") -> 0 | G7: =_xlfn.XLOOKUP(D7,Chart_of_Accounts!$A:$A,Chart_of_Accounts!$D:$D,"") -> 0 | H7: =_xlfn.XLOOKUP(D7,Chart_of_Accounts!$A:$A,Chart_of_Accounts!$E:$E,"") -> 0 | N7: =IF(A7="","",Dashboard!$B$7) | O7: =IF(L7="","",L7/N7) | P7: =IF(M7="","",M7/N7)
B8: =IF(A8="","",TEXT(A8,"mmm-yy")) | E8: =_xlfn.XLOOKUP(D8,Chart_of_Accounts!$A:$A,Chart_of_Accounts!$B:$B,"") -> 0 | F8: =_xlfn.XLOOKUP(D8,Chart_of_Accounts!$A:$A,Chart_of_Accounts!$C:$C,"") -> 0 | G8: =_xlfn.XLOOKUP(D8,Chart_of_Accounts!$A:$A,Chart_of_Accounts!$D:$D,"") -> 0 | H8: =_xlfn.XLOOKUP(D8,Chart_of_Accounts!$A:$A,Chart_of_Accounts!$E:$E,"") -> 0 | N8: =IF(A8="","",Dashboard!$B$7) | O8: =IF(L8="","",L8/N8) | P8: =IF(M8="","",M8/N8)
B9: =IF(A9="","",TEXT(A9,"mmm-yy")) | E9: =_xlfn.XLOOKUP(D9,Chart_of_Accounts!$A:$A,Chart_of_Accounts!$B:$B,"") -> 0 | F9: =_xlfn.XLOOKUP(D9,Chart_of_Accounts!$A:$A,Chart_of_Accounts!$C:$C,"") -> 0 | G9: =_xlfn.XLOOKUP(D9,Chart_of_Accounts!$A:$A,Chart_of_Accounts!$D:$D,"") -> 0 | H9: =_xlfn.XLOOKUP(D9,Chart_of_Accounts!$A:$A,Chart_of_Accounts!$E:$E,"") -> 0 | N9: =IF(A9="","",Dashboard!$B$7) | O9: =IF(L9="","",L9/N9) | P9: =IF(M9="","",M9/N9)
B10: =IF(A10="","",TEXT(A10,"mmm-yy")) | E10: =_xlfn.XLOOKUP(D10,Chart_of_Accounts!$A:$A,Chart_of_Accounts!$B:$B,"") -> 0 | F10: =_xlfn.XLOOKUP(D10,Chart_of_Accounts!$A:$A,Chart_of_Accounts!$C:$C,"") -> 0 | G10: =_xlfn.XLOOKUP(D10,Chart_of_Accounts!$A:$A,Chart_of_Accounts!$D:$D,"") -> 0 | H10: =_xlfn.XLOOKUP(D10,Chart_of_Accounts!$A:$A,Chart_of_Accounts!$E:$E,"") -> 0 | N10: =IF(A10="","",Dashboard!$B$7) | O10: =IF(L10="","",L10/N10) | P10: =IF(M10="","",M10/N10)
B11: =IF(A11="","",TEXT(A11,"mmm-yy")) | E11: =_xlfn.XLOOKUP(D11,Chart_of_Accounts!$A:$A,Chart_of_Accounts!$B:$B,"") -> 0 | F11: =_xlfn.XLOOKUP(D11,Chart_of_Accounts!$A:$A,Chart_of_Accounts!$C:$C,"") -> 0 | G11: =_xlfn.XLOOKUP(D11,Chart_of_Accounts!$A:$A,Chart_of_Accounts!$D:$D,"") -> 0 | H11: =_xlfn.XLOOKUP(D11,Chart_of_Accounts!$A:$A,Chart_of_Accounts!$E:$E,"") -> 0 | N11: =IF(A11="","",Dashboard!$B$7) | O11: =IF(L11="","",L11/N11) | P11: =IF(M11="","",M11/N11)
B12: =IF(A12="","",TEXT(A12,"mmm-yy")) | E12: =_xlfn.XLOOKUP(D12,Chart_of_Accounts!$A:$A,Chart_of_Accounts!$B:$B,"") -> 0 | F12: =_xlfn.XLOOKUP(D12,Chart_of_Accounts!$A:$A,Chart_of_Accounts!$C:$C,"") -> 0 | G12: =_xlfn.XLOOKUP(D12,Chart_of_Accounts!$A:$A,Chart_of_Accounts!$D:$D,"") -> 0 | H12: =_xlfn.XLOOKUP(D12,Chart_of_Accounts!$A:$A,Chart_of_Accounts!$E:$E,"") -> 0 | N12: =IF(A12="","",Dashboard!$B$7) | O12: =IF(L12="","",L12/N12) | P12: =IF(M12="","",M12/N12)
B13: =IF(A13="","",TEXT(A13,"mmm-yy")) | E13: =_xlfn.XLOOKUP(D13,Chart_of_Accounts!$A:$A,Chart_of_Accounts!$B:$B,"") -> 0 | F13: =_xlfn.XLOOKUP(D13,Chart_of_Accounts!$A:$A,Chart_of_Accounts!$C:$C,"") -> 0 | G13: =_xlfn.XLOOKUP(D13,Chart_of_Accounts!$A:$A,Chart_of_Accounts!$D:$D,"") -> 0 | H13: =_xlfn.XLOOKUP(D13,Chart_of_Accounts!$A:$A,Chart_of_Accounts!$E:$E,"") -> 0 | N13: =IF(A13="","",Dashboard!$B$7) | O13: =IF(L13="","",L13/N13) | P13: =IF(M13="","",M13/N13)
B14: =IF(A14="","",TEXT(A14,"mmm-yy")) | E14: =_xlfn.XLOOKUP(D14,Chart_of_Accounts!$A:$A,Chart_of_Accounts!$B:$B,"") -> 0 | F14: =_xlfn.XLOOKUP(D14,Chart_of_Accounts!$A:$A,Chart_of_Accounts!$C:$C,"") -> 0 | G14: =_xlfn.XLOOKUP(D14,Chart_of_Accounts!$A:$A,Chart_of_Accounts!$D:$D,"") -> 0 | H14: =_xlfn.XLOOKUP(D14,Chart_of_Accounts!$A:$A,Chart_of_Accounts!$E:$E,"") -> 0 | N14: =IF(A14="","",Dashboard!$B$7) | O14: =IF(L14="","",L14/N14) | P14: =IF(M14="","",M14/N14)
B15: =IF(A15="","",TEXT(A15,"mmm-yy")) | E15: =_xlfn.XLOOKUP(D15,Chart_of_Accounts!$A:$A,Chart_of_Accounts!$B:$B,"") -> 0 | F15: =_xlfn.XLOOKUP(D15,Chart_of_Accounts!$A:$A,Chart_of_Accounts!$C:$C,"") -> 0 | G15: =_xlfn.XLOOKUP(D15,Chart_of_Accounts!$A:$A,Chart_of_Accounts!$D:$D,"") -> 0 | H15: =_xlfn.XLOOKUP(D15,Chart_of_Accounts!$A:$A,Chart_of_Accounts!$E:$E,"") -> 0 | N15: =IF(A15="","",Dashboard!$B$7) | O15: =IF(L15="","",L15/N15) | P15: =IF(M15="","",M15/N15)
B16: =IF(A16="","",TEXT(A16,"mmm-yy")) | E16: =_xlfn.XLOOKUP(D16,Chart_of_Accounts!$A:$A,Chart_of_Accounts!$B:$B,"") -> 0 | F16: =_xlfn.XLOOKUP(D16,Chart_of_Accounts!$A:$A,Chart_of_Accounts!$C:$C,"") -> 0 | G16: =_xlfn.XLOOKUP(D16,Chart_of_Accounts!$A:$A,Chart_of_Accounts!$D:$D,"") -> 0 | H16: =_xlfn.XLOOKUP(D16,Chart_of_Accounts!$A:$A,Chart_of_Accounts!$E:$E,"") -> 0 | N16: =IF(A16="","",Dashboard!$B$7) | O16: =IF(L16="","",L16/N16) | P16: =IF(M16="","",M16/N16)
... B25: =IF(A25="","",TEXT(A25,"mmm-yy")) | E25: =_xlfn.XLOOKUP(D25,Chart_of_Accounts!$A:$A,Chart_of_Accounts!$B:$B,"") -> 0 | F25: =_xlfn.XLOOKUP(D25,Chart_of_Accounts!$A:$A,Chart_of_Accounts!$C:$C,"") -> 0 | G25: =_xlfn.XLOOKUP(D25,Chart_of_Accounts!$A:$A,Chart_of_Accounts!$D:$D,"") -> 0 | H25: =_xlfn.XLOOKUP(D25,Chart_of_Accounts!$A:$A,Chart_of_Accounts!$E:$E,"") -> 0 | N25: =IF(A25="","",Dashboard!$B$7) | O25: =IF(L25="","",L25/N25) | P25: =IF(M25="","",M25/N25)
B26: =IF(A26="","",TEXT(A26,"mmm-yy")) | E26: =IFERROR(_xlfn.XLOOKUP(D26,Chart_of_Accounts!$A:$A,Chart_of_Accounts!$B:$B,""),"") -> 0 | F26: =IFERROR(_xlfn.XLOOKUP(D26,Chart_of_Accounts!$A:$A,Chart_of_Accounts!$C:$C,""),"") -> 0 | G26: =IFERROR(_xlfn.XLOOKUP(D26,Chart_of_Accounts!$A:$A,Chart_of_Accounts!$D:$D,""),"") -> 0 | H26: =IFERROR(_xlfn.XLOOKUP(D26,Chart_of_Accounts!$A:$A,Chart_of_Accounts!$E:$E,""),"") -> 0 | N26: =IF(A26="","",Dashboard!$B$7) | O26: =IF(L26="","",L26/N26) | P26: =IF(M26="","",M26/N26)
B27: =IF(A27="","",TEXT(A27,"mmm-yy")) | E27: =IFERROR(_xlfn.XLOOKUP(D27,Chart_of_Accounts!$A:$A,Chart_of_Accounts!$B:$B,""),"") -> 0 | F27: =IFERROR(_xlfn.XLOOKUP(D27,Chart_of_Accounts!$A:$A,Chart_of_Accounts!$C:$C,""),"") -> 0 | G27: =IFERROR(_xlfn.XLOOKUP(D27,Chart_of_Accounts!$A:$A,Chart_of_Accounts!$D:$D,""),"") -> 0 | H27: =IFERROR(_xlfn.XLOOKUP(D27,Chart_of_Accounts!$A:$A,Chart_of_Accounts!$E:$E,""),"") -> 0 | N27: =IF(A27="","",Dashboard!$B$7) | O27: =IF(L27="","",L27/N27) | P27: =IF(M27="","",M27/N27)
B28: =IF(A28="","",TEXT(A28,"mmm-yy")) | E28: =IFERROR(_xlfn.XLOOKUP(D28,Chart_of_Accounts!$A:$A,Chart_of_Accounts!$B:$B,""),"") -> 0 | F28: =IFERROR(_xlfn.XLOOKUP(D28,Chart_of_Accounts!$A:$A,Chart_of_Accounts!$C:$C,""),"") -> 0 | G28: =IFERROR(_xlfn.XLOOKUP(D28,Chart_of_Accounts!$A:$A,Chart_of_Accounts!$D:$D,""),"") -> 0 | H28: =IFERROR(_xlfn.XLOOKUP(D28,Chart_of_Accounts!$A:$A,Chart_of_Accounts!$E:$E,""),"") -> 0 | N28: =IF(A28="","",Dashboard!$B$7) | O28: =IF(L28="","",L28/N28) | P28: =IF(M28="","",M28/N28)
B29: =IF(A29="","",TEXT(A29,"mmm-yy")) | E29: =IFERROR(_xlfn.XLOOKUP(D29,Chart_of_Accounts!$A:$A,Chart_of_Accounts!$B:$B,""),"") -> 0 | F29: =IFERROR(_xlfn.XLOOKUP(D29,Chart_of_Accounts!$A:$A,Chart_of_Accounts!$C:$C,""),"") -> 0 | G29: =IFERROR(_xlfn.XLOOKUP(D29,Chart_of_Accounts!$A:$A,Chart_of_Accounts!$D:$D,""),"") -> 0 | H29: =IFERROR(_xlfn.XLOOKUP(D29,Chart_of_Accounts!$A:$A,Chart_of_Accounts!$E:$E,""),"") -> 0 | N29: =IF(A29="","",Dashboard!$B$7) | O29: =IF(L29="","",L29/N29) | P29: =IF(M29="","",M29/N29)
B30: =IF(A30="","",TEXT(A30,"mmm-yy")) | E30: =IFERROR(_xlfn.XLOOKUP(D30,Chart_of_Accounts!$A:$A,Chart_of_Accounts!$B:$B,""),"") -> 0 | F30: =IFERROR(_xlfn.XLOOKUP(D30,Chart_of_Accounts!$A:$A,Chart_of_Accounts!$C:$C,""),"") -> 0 | G30: =IFERROR(_xlfn.XLOOKUP(D30,Chart_of_Accounts!$A:$A,Chart_of_Accounts!$D:$D,""),"") -> 0 | H30: =IFERROR(_xlfn.XLOOKUP(D30,Chart_of_Accounts!$A:$A,Chart_of_Accounts!$E:$E,""),"") -> 0 | N30: =IF(A30="","",Dashboard!$B$7) | O30: =IF(L30="","",L30/N30) | P30: =IF(M30="","",M30/N30)
B31: =IF(A31="","",TEXT(A31,"mmm-yy")) | E31: =IFERROR(_xlfn.XLOOKUP(D31,Chart_of_Accounts!$A:$A,Chart_of_Accounts!$B:$B,""),"") -> 0 | F31: =IFERROR(_xlfn.XLOOKUP(D31,Chart_of_Accounts!$A:$A,Chart_of_Accounts!$C:$C,""),"") -> 0 | G31: =IFERROR(_xlfn.XLOOKUP(D31,Chart_of_Accounts!$A:$A,Chart_of_Accounts!$D:$D,""),"") -> 0 | H31: =IFERROR(_xlfn.XLOOKUP(D31,Chart_of_Accounts!$A:$A,Chart_of_Accounts!$E:$E,""),"") -> 0 | N31: =IF(A31="","",Dashboard!$B$7) | O31: =IF(L31="","",L31/N31) | P31: =IF(M31="","",M31/N31)
B32: =IF(A32="","",TEXT(A32,"mmm-yy")) | E32: =IFERROR(_xlfn.XLOOKUP(D32,Chart_of_Accounts!$A:$A,Chart_of_Accounts!$B:$B,""),"") -> 0 | F32: =IFERROR(_xlfn.XLOOKUP(D32,Chart_of_Accounts!$A:$A,Chart_of_Accounts!$C:$C,""),"") -> 0 | G32: =IFERROR(_xlfn.XLOOKUP(D32,Chart_of_Accounts!$A:$A,Chart_of_Accounts!$D:$D,""),"") -> 0 | H32: =IFERROR(_xlfn.XLOOKUP(D32,Chart_of_Accounts!$A:$A,Chart_of_Accounts!$E:$E,""),"") -> 0 | N32: =IF(A32="","",Dashboard!$B$7) | O32: =IF(L32="","",L32/N32) | P32: =IF(M32="","",M32/N32)
B33: =IF(A33="","",TEXT(A33,"mmm-yy")) | E33: =IFERROR(_xlfn.XLOOKUP(D33,Chart_of_Accounts!$A:$A,Chart_of_Accounts!$B:$B,""),"") -> 0 | F33: =IFERROR(_xlfn.XLOOKUP(D33,Chart_of_Accounts!$A:$A,Chart_of_Accounts!$C:$C,""),"") -> 0 | G33: =IFERROR(_xlfn.XLOOKUP(D33,Chart_of_Accounts!$A:$A,Chart_of_Accounts!$D:$D,""),"") -> 0 | H33: =IFERROR(_xlfn.XLOOKUP(D33,Chart_of_Accounts!$A:$A,Chart_of_Accounts!$E:$E,""),"") -> 0 | N33: =IF(A33="","",Dashboard!$B$7) | O33: =IF(L33="","",L33/N33) | P33: =IF(M33="","",M33/N33)
B34: =IF(A34="","",TEXT(A34,"mmm-yy")) | E34: =IFERROR(_xlfn.XLOOKUP(D34,Chart_of_Accounts!$A:$A,Chart_of_Accounts!$B:$B,""),"") -> 0 | F34: =IFERROR(_xlfn.XLOOKUP(D34,Chart_of_Accounts!$A:$A,Chart_of_Accounts!$C:$C,""),"") -> 0 | G34: =IFERROR(_xlfn.XLOOKUP(D34,Chart_of_Accounts!$A:$A,Chart_of_Accounts!$D:$D,""),"") -> 0 | H34: =IFERROR(_xlfn.XLOOKUP(D34,Chart_of_Accounts!$A:$A,Chart_of_Accounts!$E:$E,""),"") -> 0 | N34: =IF(A34="","",Dashboard!$B$7) | O34: =IF(L34="","",L34/N34) | P34: =IF(M34="","",M34/N34)
B35: =IF(A35="","",TEXT(A35,"mmm-yy")) | E35: =IFERROR(_xlfn.XLOOKUP(D35,Chart_of_Accounts!$A:$A,Chart_of_Accounts!$B:$B,""),"") -> 0 | F35: =IFERROR(_xlfn.XLOOKUP(D35,Chart_of_Accounts!$A:$A,Chart_of_Accounts!$C:$C,""),"") -> 0 | G35: =IFERROR(_xlfn.XLOOKUP(D35,Chart_of_Accounts!$A:$A,Chart_of_Accounts!$D:$D,""),"") -> 0 | H35: =IFERROR(_xlfn.XLOOKUP(D35,Chart_of_Accounts!$A:$A,Chart_of_Accounts!$E:$E,""),"") -> 0 | N35: =IF(A35="","",Dashboard!$B$7) | O35: =IF(L35="","",L35/N35) | P35: =IF(M35="","",M35/N35)
B36: =IF(A36="","",TEXT(A36,"mmm-yy")) | E36: =IFERROR(_xlfn.XLOOKUP(D36,Chart_of_Accounts!$A:$A,Chart_of_Accounts!$B:$B,""),"") -> 0 | F36: =IFERROR(_xlfn.XLOOKUP(D36,Chart_of_Accounts!$A:$A,Chart_of_Accounts!$C:$C,""),"") -> 0 | G36: =IFERROR(_xlfn.XLOOKUP(D36,Chart_of_Accounts!$A:$A,Chart_of_Accounts!$D:$D,""),"") -> 0 | H36: =IFERROR(_xlfn.XLOOKUP(D36,Chart_of_Accounts!$A:$A,Chart_of_Accounts!$E:$E,""),"") -> 0 | N36: =IF(A36="","",Dashboard!$B$7) | O36: =IF(L36="","",L36/N36) | P36: =IF(M36="","",M36/N36)
B37: =IF(A37="","",TEXT(A37,"mmm-yy")) | E37: =IFERROR(_xlfn.XLOOKUP(D37,Chart_of_Accounts!$A:$A,Chart_of_Accounts!$B:$B,""),"") -> 0 | F37: =IFERROR(_xlfn.XLOOKUP(D37,Chart_of_Accounts!$A:$A,Chart_of_Accounts!$C:$C,""),"") -> 0 | G37: =IFERROR(_xlfn.XLOOKUP(D37,Chart_of_Accounts!$A:$A,Chart_of_Accounts!$D:$D,""),"") -> 0 | H37: =IFERROR(_xlfn.XLOOKUP(D37,Chart_of_Accounts!$A:$A,Chart_of_Accounts!$E:$E,""),"") -> 0 | N37: =IF(A37="","",Dashboard!$B$7) | O37: =IF(L37="","",L37/N37) | P37: =IF(M37="","",M37/N37)
... B300: =IF(A300="","",TEXT(A300,"mmm-yy")) | E300: =IFERROR(_xlfn.XLOOKUP(D300,Chart_of_Accounts!$A:$A,Chart_of_Accounts!$B:$B,""),"") -> 0 | F300: =IFERROR(_xlfn.XLOOKUP(D300,Chart_of_Accounts!$A:$A,Chart_of_Accounts!$C:$C,""),"") -> 0 | G300: =IFERROR(_xlfn.XLOOKUP(D300,Chart_of_Accounts!$A:$A,Chart_of_Accounts!$D:$D,""),"") -> 0 | H300: =IFERROR(_xlfn.XLOOKUP(D300,Chart_of_Accounts!$A:$A,Chart_of_Accounts!$E:$E,""),"") -> 0 | N300: =IF(A300="","",Dashboard!$B$7) | O300: =IF(L300="","",L300/N300) | P300: =IF(M300="","",M300/N300)

Sheet Cash_Book
A1: Date | B1: Month | C1: Voucher / Ref | D1: Account Code | E1: Budget Line | F1: Cost Centre | G1: Description | H1: Receipt (TZS) | I1: Payment (TZS) | J1: Running Balance | K1: Funding Source | L1: Remarks
A2: 46204 | B2: =IF(A2="","",TEXT(A2,"mmm-yy")) -> Jul-26 | C2: 1 | E2: =_xlfn.XLOOKUP(D2,Chart_of_Accounts!$A:$A,Chart_of_Accounts!$C:$C,"") -> 0 | F2: =IFERROR(_xlfn.XLOOKUP(D2,Chart_of_Accounts!$A:$A,Chart_of_Accounts!$E:$E,""),"") -> 0 | G2: RECEIVING FUND FROM HELP AGE INT | H2: 35000000 | J2: =SUM($H$2:H2)-SUM($I$2:I2) -> 35000000
A3: 46205 | B3: =IF(A3="","",TEXT(A3,"mmm-yy")) -> Jul-26 | C3: 2 | D3: 5001 | E3: =_xlfn.XLOOKUP(D3,Chart_of_Accounts!$A:$A,Chart_of_Accounts!$C:$C,"") -> Project Manager | F3: =IFERROR(_xlfn.XLOOKUP(D3,Chart_of_Accounts!$A:$A,Chart_of_Accounts!$E:$E,""),"") -> Personnel | G3: MALIPO YA POSHO | H3: 250000 | J3: =SUM($H$2:H3)-SUM($I$2:I3) -> 35250000
B4: =IF(A4="","",TEXT(A4,"mmm-yy")) | E4: =_xlfn.XLOOKUP(D4,Chart_of_Accounts!$A:$A,Chart_of_Accounts!$C:$C,"") -> 0 | F4: =IFERROR(_xlfn.XLOOKUP(D4,Chart_of_Accounts!$A:$A,Chart_of_Accounts!$E:$E,""),"") -> 0 | J4: =SUM($H$2:H4)-SUM($I$2:I4) -> 35250000
B5: =IF(A5="","",TEXT(A5,"mmm-yy")) | E5: =_xlfn.XLOOKUP(D5,Chart_of_Accounts!$A:$A,Chart_of_Accounts!$C:$C,"") -> 0 | F5: =IFERROR(_xlfn.XLOOKUP(D5,Chart_of_Accounts!$A:$A,Chart_of_Accounts!$E:$E,""),"") -> 0 | J5: =SUM($H$2:H5)-SUM($I$2:I5) -> 35250000
B6: =IF(A6="","",TEXT(A6,"mmm-yy")) | E6: =_xlfn.XLOOKUP(D6,Chart_of_Accounts!$A:$A,Chart_of_Accounts!$C:$C,"") -> 0 | F6: =IFERROR(_xlfn.XLOOKUP(D6,Chart_of_Accounts!$A:$A,Chart_of_Accounts!$E:$E,""),"") -> 0 | J6: =SUM($H$2:H6)-SUM($I$2:I6) -> 35250000
B7: =IF(A7="","",TEXT(A7,"mmm-yy")) | E7: =_xlfn.XLOOKUP(D7,Chart_of_Accounts!$A:$A,Chart_of_Accounts!$C:$C,"") -> 0 | F7: =IFERROR(_xlfn.XLOOKUP(D7,Chart_of_Accounts!$A:$A,Chart_of_Accounts!$E:$E,""),"") -> 0 | J7: =SUM($H$2:H7)-SUM($I$2:I7) -> 35250000
B8: =IF(A8="","",TEXT(A8,"mmm-yy")) | E8: =_xlfn.XLOOKUP(D8,Chart_of_Accounts!$A:$A,Chart_of_Accounts!$C:$C,"") -> 0 | F8: =IFERROR(_xlfn.XLOOKUP(D8,Chart_of_Accounts!$A:$A,Chart_of_Accounts!$E:$E,""),"") -> 0 | J8: =SUM($H$2:H8)-SUM($I$2:I8) -> 35250000
B9: =IF(A9="","",TEXT(A9,"mmm-yy")) | E9: =_xlfn.XLOOKUP(D9,Chart_of_Accounts!$A:$A,Chart_of_Accounts!$C:$C,"") -> 0 | F9: =IFERROR(_xlfn.XLOOKUP(D9,Chart_of_Accounts!$A:$A,Chart_of_Accounts!$E:$E,""),"") -> 0 | J9: =SUM($H$2:H9)-SUM($I$2:I9) -> 35250000
B10: =IF(A10="","",TEXT(A10,"mmm-yy")) | E10: =_xlfn.XLOOKUP(D10,Chart_of_Accounts!$A:$A,Chart_of_Accounts!$C:$C,"") -> 0 | F10: =IFERROR(_xlfn.XLOOKUP(D10,Chart_of_Accounts!$A:$A,Chart_of_Accounts!$E:$E,""),"") -> 0 | J10: =SUM($H$2:H10)-SUM($I$2:I10) -> 35250000
B11: =IF(A11="","",TEXT(A11,"mmm-yy")) | E11: =_xlfn.XLOOKUP(D11,Chart_of_Accounts!$A:$A,Chart_of_Accounts!$C:$C,"") -> 0 | F11: =IFERROR(_xlfn.XLOOKUP(D11,Chart_of_Accounts!$A:$A,Chart_of_Accounts!$E:$E,""),"") -> 0 | J11: =SUM($H$2:H11)-SUM($I$2:I11) -> 35250000
B12: =IF(A12="","",TEXT(A12,"mmm-yy")) | E12: =_xlfn.XLOOKUP(D12,Chart_of_Accounts!$A:$A,Chart_of_Accounts!$C:$C,"") -> 0 | F12: =IFERROR(_xlfn.XLOOKUP(D12,Chart_of_Accounts!$A:$A,Chart_of_Accounts!$E:$E,""),"") -> 0 | J12: =SUM($H$2:H12)-SUM($I$2:I12) -> 35250000
B13: =IF(A13="","",TEXT(A13,"mmm-yy")) | E13: =_xlfn.XLOOKUP(D13,Chart_of_Accounts!$A:$A,Chart_of_Accounts!$C:$C,"") -> 0 | F13: =IFERROR(_xlfn.XLOOKUP(D13,Chart_of_Accounts!$A:$A,Chart_of_Accounts!$E:$E,""),"") -> 0 | J13: =SUM($H$2:H13)-SUM($I$2:I13) -> 35250000
B14: =IF(A14="","",TEXT(A14,"mmm-yy")) | E14: =_xlfn.XLOOKUP(D14,Chart_of_Accounts!$A:$A,Chart_of_Accounts!$C:$C,"") -> 0 | F14: =IFERROR(_xlfn.XLOOKUP(D14,Chart_of_Accounts!$A:$A,Chart_of_Accounts!$E:$E,""),"") -> 0 | J14: =SUM($H$2:H14)-SUM($I$2:I14) -> 35250000
B15: =IF(A15="","",TEXT(A15,"mmm-yy")) | E15: =_xlfn.XLOOKUP(D15,Chart_of_Accounts!$A:$A,Chart_of_Accounts!$C:$C,"") -> 0 | F15: =IFERROR(_xlfn.XLOOKUP(D15,Chart_of_Accounts!$A:$A,Chart_of_Accounts!$E:$E,""),"") -> 0 | J15: =SUM($H$2:H15)-SUM($I$2:I15) -> 35250000
... B111: =IF(A111="","",TEXT(A111,"mmm-yy")) | E111: =_xlfn.XLOOKUP(D111,Chart_of_Accounts!$A:$A,Chart_of_Accounts!$C:$C,"") -> 0 | F111: =IFERROR(_xlfn.XLOOKUP(D111,Chart_of_Accounts!$A:$A,Chart_of_Accounts!$E:$E,""),"") -> 0 | J111: =SUM($H$2:H111)-SUM($I$2:I111) -> 35250000
B112: =IF(A112="","",TEXT(A112,"mmm-yy")) | E112: =IFERROR(_xlfn.XLOOKUP(D112,Chart_of_Accounts!$A:$A,Chart_of_Accounts!$C:$C,""),"") -> 0 | F112: =IFERROR(_xlfn.XLOOKUP(D112,Chart_of_Accounts!$A:$A,Chart_of_Accounts!$E:$E,""),"") -> 0 | J112: =SUM($H$2:H112)-SUM($I$2:I112) -> 35250000
B113: =IF(A113="","",TEXT(A113,"mmm-yy")) | E113: =IFERROR(_xlfn.XLOOKUP(D113,Chart_of_Accounts!$A:$A,Chart_of_Accounts!$C:$C,""),"") -> 0 | F113: =IFERROR(_xlfn.XLOOKUP(D113,Chart_of_Accounts!$A:$A,Chart_of_Accounts!$E:$E,""),"") -> 0 | J113: =SUM($H$2:H113)-SUM($I$2:I113) -> 35250000
B114: =IF(A114="","",TEXT(A114,"mmm-yy")) | E114: =IFERROR(_xlfn.XLOOKUP(D114,Chart_of_Accounts!$A:$A,Chart_of_Accounts!$C:$C,""),"") -> 0 | F114: =IFERROR(_xlfn.XLOOKUP(D114,Chart_of_Accounts!$A:$A,Chart_of_Accounts!$E:$E,""),"") -> 0 | J114: =SUM($H$2:H114)-SUM($I$2:I114) -> 35250000
B115: =IF(A115="","",TEXT(A115,"mmm-yy")) | E115: =IFERROR(_xlfn.XLOOKUP(D115,Chart_of_Accounts!$A:$A,Chart_of_Accounts!$C:$C,""),"") -> 0 | F115: =IFERROR(_xlfn.XLOOKUP(D115,Chart_of_Accounts!$A:$A,Chart_of_Accounts!$E:$E,""),"") -> 0 | J115: =SUM($H$2:H115)-SUM($I$2:I115) -> 35250000
B116: =IF(A116="","",TEXT(A116,"mmm-yy")) | E116: =IFERROR(_xlfn.XLOOKUP(D116,Chart_of_Accounts!$A:$A,Chart_of_Accounts!$C:$C,""),"") -> 0 | F116: =IFERROR(_xlfn.XLOOKUP(D116,Chart_of_Accounts!$A:$A,Chart_of_Accounts!$E:$E,""),"") -> 0 | J116: =SUM($H$2:H116)-SUM($I$2:I116) -> 35250000
B117: =IF(A117="","",TEXT(A117,"mmm-yy")) | E117: =IFERROR(_xlfn.XLOOKUP(D117,Chart_of_Accounts!$A:$A,Chart_of_Accounts!$C:$C,""),"") -> 0 | F117: =IFERROR(_xlfn.XLOOKUP(D117,Chart_of_Accounts!$A:$A,Chart_of_Accounts!$E:$E,""),"") -> 0 | J117: =SUM($H$2:H117)-SUM($I$2:I117) -> 35250000
B118: =IF(A118="","",TEXT(A118,"mmm-yy")) | E118: =IFERROR(_xlfn.XLOOKUP(D118,Chart_of_Accounts!$A:$A,Chart_of_Accounts!$C:$C,""),"") -> 0 | F118: =IFERROR(_xlfn.XLOOKUP(D118,Chart_of_Accounts!$A:$A,Chart_of_Accounts!$E:$E,""),"") -> 0 | J118: =SUM($H$2:H118)-SUM($I$2:I118) -> 35250000
B119: =IF(A119="","",TEXT(A119,"mmm-yy")) | E119: =IFERROR(_xlfn.XLOOKUP(D119,Chart_of_Accounts!$A:$A,Chart_of_Accounts!$C:$C,""),"") -> 0 | F119: =IFERROR(_xlfn.XLOOKUP(D119,Chart_of_Accounts!$A:$A,Chart_of_Accounts!$E:$E,""),"") -> 0 | J119: =SUM($H$2:H119)-SUM($I$2:I119) -> 35250000
B120: =IF(A120="","",TEXT(A120,"mmm-yy")) | E120: =IFERROR(_xlfn.XLOOKUP(D120,Chart_of_Accounts!$A:$A,Chart_of_Accounts!$C:$C,""),"") -> 0 | F120: =IFERROR(_xlfn.XLOOKUP(D120,Chart_of_Accounts!$A:$A,Chart_of_Accounts!$E:$E,""),"") -> 0 | J120: =SUM($H$2:H120)-SUM($I$2:I120) -> 35250000
B121: =IF(A121="","",TEXT(A121,"mmm-yy")) | E121: =IFERROR(_xlfn.XLOOKUP(D121,Chart_of_Accounts!$A:$A,Chart_of_Accounts!$C:$C,""),"") -> 0 | F121: =IFERROR(_xlfn.XLOOKUP(D121,Chart_of_Accounts!$A:$A,Chart_of_Accounts!$E:$E,""),"") -> 0 | J121: =SUM($H$2:H121)-SUM($I$2:I121) -> 35250000
B122: =IF(A122="","",TEXT(A122,"mmm-yy")) | E122: =IFERROR(_xlfn.XLOOKUP(D122,Chart_of_Accounts!$A:$A,Chart_of_Accounts!$C:$C,""),"") -> 0 | F122: =IFERROR(_xlfn.XLOOKUP(D122,Chart_of_Accounts!$A:$A,Chart_of_Accounts!$E:$E,""),"") -> 0 | J122: =SUM($H$2:H122)-SUM($I$2:I122) -> 35250000
B123: =IF(A123="","",TEXT(A123,"mmm-yy")) | E123: =IFERROR(_xlfn.XLOOKUP(D123,Chart_of_Accounts!$A:$A,Chart_of_Accounts!$C:$C,""),"") -> 0 | F123: =IFERROR(_xlfn.XLOOKUP(D123,Chart_of_Accounts!$A:$A,Chart_of_Accounts!$E:$E,""),"") -> 0 | J123: =SUM($H$2:H123)-SUM($I$2:I123) -> 35250000
... B201: =IF(A201="","",TEXT(A201,"mmm-yy")) | E201: =IFERROR(_xlfn.XLOOKUP(D201,Chart_of_Accounts!$A:$A,Chart_of_Accounts!$C:$C,""),"") -> 0 | F201: =IFERROR(_xlfn.XLOOKUP(D201,Chart_of_Accounts!$A:$A,Chart_of_Accounts!$E:$E,""),"") -> 0 | J201: =SUM($H$2:H201)-SUM($I$2:I201) -> 35250000

Sheet Bank_Book
A1: Date | B1: Month | C1: Voucher / Ref | D1: Account Code | E1: Budget Line | F1: Cost Centre | G1: Description | H1: Receipt (TZS) | I1: Payment (TZS) | J1: Running Balance | K1: Funding Source | L1: Remarks
B2: =IF(A2="","",TEXT(A2,"mmm-yy")) | E2: =IFERROR(_xlfn.XLOOKUP(D2,Chart_of_Accounts!$A:$A,Chart_of_Accounts!$C:$C,""),"") -> 0 | F2: =IFERROR(_xlfn.XLOOKUP(D2,Chart_of_Accounts!$A:$A,Chart_of_Accounts!$E:$E,""),"") -> 0 | J2: =SUM($H$2:H2)-SUM($I$2:I2) -> 0
B3: =IF(A3="","",TEXT(A3,"mmm-yy")) | E3: =IFERROR(_xlfn.XLOOKUP(D3,Chart_of_Accounts!$A:$A,Chart_of_Accounts!$C:$C,""),"") -> 0 | F3: =IFERROR(_xlfn.XLOOKUP(D3,Chart_of_Accounts!$A:$A,Chart_of_Accounts!$E:$E,""),"") -> 0 | J3: =SUM($H$2:H3)-SUM($I$2:I3) -> 0
B4: =IF(A4="","",TEXT(A4,"mmm-yy")) | E4: =IFERROR(_xlfn.XLOOKUP(D4,Chart_of_Accounts!$A:$A,Chart_of_Accounts!$C:$C,""),"") -> 0 | F4: =IFERROR(_xlfn.XLOOKUP(D4,Chart_of_Accounts!$A:$A,Chart_of_Accounts!$E:$E,""),"") -> 0 | J4: =SUM($H$2:H4)-SUM($I$2:I4) -> 0
B5: =IF(A5="","",TEXT(A5,"mmm-yy")) | E5: =IFERROR(_xlfn.XLOOKUP(D5,Chart_of_Accounts!$A:$A,Chart_of_Accounts!$C:$C,""),"") -> 0 | F5: =IFERROR(_xlfn.XLOOKUP(D5,Chart_of_Accounts!$A:$A,Chart_of_Accounts!$E:$E,""),"") -> 0 | J5: =SUM($H$2:H5)-SUM($I$2:I5) -> 0
B6: =IF(A6="","",TEXT(A6,"mmm-yy")) | E6: =IFERROR(_xlfn.XLOOKUP(D6,Chart_of_Accounts!$A:$A,Chart_of_Accounts!$C:$C,""),"") -> 0 | F6: =IFERROR(_xlfn.XLOOKUP(D6,Chart_of_Accounts!$A:$A,Chart_of_Accounts!$E:$E,""),"") -> 0 | J6: =SUM($H$2:H6)-SUM($I$2:I6) -> 0
B7: =IF(A7="","",TEXT(A7,"mmm-yy")) | E7: =IFERROR(_xlfn.XLOOKUP(D7,Chart_of_Accounts!$A:$A,Chart_of_Accounts!$C:$C,""),"") -> 0 | F7: =IFERROR(_xlfn.XLOOKUP(D7,Chart_of_Accounts!$A:$A,Chart_of_Accounts!$E:$E,""),"") -> 0 | J7: =SUM($H$2:H7)-SUM($I$2:I7) -> 0
B8: =IF(A8="","",TEXT(A8,"mmm-yy")) | E8: =IFERROR(_xlfn.XLOOKUP(D8,Chart_of_Accounts!$A:$A,Chart_of_Accounts!$C:$C,""),"") -> 0 | F8: =IFERROR(_xlfn.XLOOKUP(D8,Chart_of_Accounts!$A:$A,Chart_of_Accounts!$E:$E,""),"") -> 0 | J8: =SUM($H$2:H8)-SUM($I$2:I8) -> 0
B9: =IF(A9="","",TEXT(A9,"mmm-yy")) | E9: =IFERROR(_xlfn.XLOOKUP(D9,Chart_of_Accounts!$A:$A,Chart_of_Accounts!$C:$C,""),"") -> 0 | F9: =IFERROR(_xlfn.XLOOKUP(D9,Chart_of_Accounts!$A:$A,Chart_of_Accounts!$E:$E,""),"") -> 0 | J9: =SUM($H$2:H9)-SUM($I$2:I9) -> 0
B10: =IF(A10="","",TEXT(A10,"mmm-yy")) | E10: =IFERROR(_xlfn.XLOOKUP(D10,Chart_of_Accounts!$A:$A,Chart_of_Accounts!$C:$C,""),"") -> 0 | F10: =IFERROR(_xlfn.XLOOKUP(D10,Chart_of_Accounts!$A:$A,Chart_of_Accounts!$E:$E,""),"") -> 0 | J10: =SUM($H$2:H10)-SUM($I$2:I10) -> 0
B11: =IF(A11="","",TEXT(A11,"mmm-yy")) | E11: =IFERROR(_xlfn.XLOOKUP(D11,Chart_of_Accounts!$A:$A,Chart_of_Accounts!$C:$C,""),"") -> 0 | F11: =IFERROR(_xlfn.XLOOKUP(D11,Chart_of_Accounts!$A:$A,Chart_of_Accounts!$E:$E,""),"") -> 0 | J11: =SUM($H$2:H11)-SUM($I$2:I11) -> 0
B12: =IF(A12="","",TEXT(A12,"mmm-yy")) | E12: =IFERROR(_xlfn.XLOOKUP(D12,Chart_of_Accounts!$A:$A,Chart_of_Accounts!$C:$C,""),"") -> 0 | F12: =IFERROR(_xlfn.XLOOKUP(D12,Chart_of_Accounts!$A:$A,Chart_of_Accounts!$E:$E,""),"") -> 0 | J12: =SUM($H$2:H12)-SUM($I$2:I12) -> 0
B13: =IF(A13="","",TEXT(A13,"mmm-yy")) | E13: =IFERROR(_xlfn.XLOOKUP(D13,Chart_of_Accounts!$A:$A,Chart_of_Accounts!$C:$C,""),"") -> 0 | F13: =IFERROR(_xlfn.XLOOKUP(D13,Chart_of_Accounts!$A:$A,Chart_of_Accounts!$E:$E,""),"") -> 0 | J13: =SUM($H$2:H13)-SUM($I$2:I13) -> 0
... B201: =IF(A201="","",TEXT(A201,"mmm-yy")) | E201: =IFERROR(_xlfn.XLOOKUP(D201,Chart_of_Accounts!$A:$A,Chart_of_Accounts!$C:$C,""),"") -> 0 | F201: =IFERROR(_xlfn.XLOOKUP(D201,Chart_of_Accounts!$A:$A,Chart_of_Accounts!$E:$E,""),"") -> 0 | J201: =SUM($H$2:H201)-SUM($I$2:I201) -> 0

Sheet Journal
A1: Journal Date | B1: Journal No. | C1: Account Code | D1: Budget Line | E1: Cost Centre | F1: Description | G1: Debit (TZS) | H1: Credit (TZS) | I1: Prepared By | J1: Approved By
D2: =IFERROR(_xlfn.XLOOKUP(C2,Chart_of_Accounts!$A:$A,Chart_of_Accounts!$C:$C,""),"") -> 0 | E2: =IFERROR(_xlfn.XLOOKUP(C2,Chart_of_Accounts!$A:$A,Chart_of_Accounts!$E:$E,""),"") -> 0
D3: =IFERROR(_xlfn.XLOOKUP(C3,Chart_of_Accounts!$A:$A,Chart_of_Accounts!$C:$C,""),"") -> 0 | E3: =IFERROR(_xlfn.XLOOKUP(C3,Chart_of_Accounts!$A:$A,Chart_of_Accounts!$E:$E,""),"") -> 0
D4: =IFERROR(_xlfn.XLOOKUP(C4,Chart_of_Accounts!$A:$A,Chart_of_Accounts!$C:$C,""),"") -> 0 | E4: =IFERROR(_xlfn.XLOOKUP(C4,Chart_of_Accounts!$A:$A,Chart_of_Accounts!$E:$E,""),"") -> 0
D5: =IFERROR(_xlfn.XLOOKUP(C5,Chart_of_Accounts!$A:$A,Chart_of_Accounts!$C:$C,""),"") -> 0 | E5: =IFERROR(_xlfn.XLOOKUP(C5,Chart_of_Accounts!$A:$A,Chart_of_Accounts!$E:$E,""),"") -> 0
D6: =IFERROR(_xlfn.XLOOKUP(C6,Chart_of_Accounts!$A:$A,Chart_of_Accounts!$C:$C,""),"") -> 0 | E6: =IFERROR(_xlfn.XLOOKUP(C6,Chart_of_Accounts!$A:$A,Chart_of_Accounts!$E:$E,""),"") -> 0
D7: =IFERROR(_xlfn.XLOOKUP(C7,Chart_of_Accounts!$A:$A,Chart_of_Accounts!$C:$C,""),"") -> 0 | E7: =IFERROR(_xlfn.XLOOKUP(C7,Chart_of_Accounts!$A:$A,Chart_of_Accounts!$E:$E,""),"") -> 0
D8: =IFERROR(_xlfn.XLOOKUP(C8,Chart_of_Accounts!$A:$A,Chart_of_Accounts!$C:$C,""),"") -> 0 | E8: =IFERROR(_xlfn.XLOOKUP(C8,Chart_of_Accounts!$A:$A,Chart_of_Accounts!$E:$E,""),"") -> 0
D9: =IFERROR(_xlfn.XLOOKUP(C9,Chart_of_Accounts!$A:$A,Chart_of_Accounts!$C:$C,""),"") -> 0 | E9: =IFERROR(_xlfn.XLOOKUP(C9,Chart_of_Accounts!$A:$A,Chart_of_Accounts!$E:$E,""),"") -> 0
D10: =IFERROR(_xlfn.XLOOKUP(C10,Chart_of_Accounts!$A:$A,Chart_of_Accounts!$C:$C,""),"") -> 0 | E10: =IFERROR(_xlfn.XLOOKUP(C10,Chart_of_Accounts!$A:$A,Chart_of_Accounts!$E:$E,""),"") -> 0
D11: =IFERROR(_xlfn.XLOOKUP(C11,Chart_of_Accounts!$A:$A,Chart_of_Accounts!$C:$C,""),"") -> 0 | E11: =IFERROR(_xlfn.XLOOKUP(C11,Chart_of_Accounts!$A:$A,Chart_of_Accounts!$E:$E,""),"") -> 0
D12: =IFERROR(_xlfn.XLOOKUP(C12,Chart_of_Accounts!$A:$A,Chart_of_Accounts!$C:$C,""),"") -> 0 | E12: =IFERROR(_xlfn.XLOOKUP(C12,Chart_of_Accounts!$A:$A,Chart_of_Accounts!$E:$E,""),"") -> 0
D13: =IFERROR(_xlfn.XLOOKUP(C13,Chart_of_Accounts!$A:$A,Chart_of_Accounts!$C:$C,""),"") -> 0 | E13: =IFERROR(_xlfn.XLOOKUP(C13,Chart_of_Accounts!$A:$A,Chart_of_Accounts!$E:$E,""),"") -> 0
... D201: =IFERROR(_xlfn.XLOOKUP(C201,Chart_of_Accounts!$A:$A,Chart_of_Accounts!$C:$C,""),"") -> 0 | E201: =IFERROR(_xlfn.XLOOKUP(C201,Chart_of_Accounts!$A:$A,Chart_of_Accounts!$E:$E,""),"") -> 0

Sheet Commitments
A1: Commitment Date | B1: PO/Contract No. | C1: Supplier | D1: Account Code | E1: Budget Line | F1: Cost Centre | G1: Description | H1: Commitment Amount (TZS) | I1: Liquidated/Paid (TZS) | J1: Outstanding Commitment | K1: Status | L1: Expected Payment Date | M1: Remarks | N1: Linked Voucher
E2: =IFERROR(_xlfn.XLOOKUP(D2,Chart_of_Accounts!$A:$A,Chart_of_Accounts!$C:$C,""),"") -> 0 | F2: =IFERROR(_xlfn.XLOOKUP(D2,Chart_of_Accounts!$A:$A,Chart_of_Accounts!$E:$E,""),"") -> 0 | J2: =IF(H2="","",H2-I2)
E3: =IFERROR(_xlfn.XLOOKUP(D3,Chart_of_Accounts!$A:$A,Chart_of_Accounts!$C:$C,""),"") -> 0 | F3: =IFERROR(_xlfn.XLOOKUP(D3,Chart_of_Accounts!$A:$A,Chart_of_Accounts!$E:$E,""),"") -> 0 | J3: =IF(H3="","",H3-I3)
E4: =IFERROR(_xlfn.XLOOKUP(D4,Chart_of_Accounts!$A:$A,Chart_of_Accounts!$C:$C,""),"") -> 0 | F4: =IFERROR(_xlfn.XLOOKUP(D4,Chart_of_Accounts!$A:$A,Chart_of_Accounts!$E:$E,""),"") -> 0 | J4: =IF(H4="","",H4-I4)
E5: =IFERROR(_xlfn.XLOOKUP(D5,Chart_of_Accounts!$A:$A,Chart_of_Accounts!$C:$C,""),"") -> 0 | F5: =IFERROR(_xlfn.XLOOKUP(D5,Chart_of_Accounts!$A:$A,Chart_of_Accounts!$E:$E,""),"") -> 0 | J5: =IF(H5="","",H5-I5)
E6: =IFERROR(_xlfn.XLOOKUP(D6,Chart_of_Accounts!$A:$A,Chart_of_Accounts!$C:$C,""),"") -> 0 | F6: =IFERROR(_xlfn.XLOOKUP(D6,Chart_of_Accounts!$A:$A,Chart_of_Accounts!$E:$E,""),"") -> 0 | J6: =IF(H6="","",H6-I6)
E7: =IFERROR(_xlfn.XLOOKUP(D7,Chart_of_Accounts!$A:$A,Chart_of_Accounts!$C:$C,""),"") -> 0 | F7: =IFERROR(_xlfn.XLOOKUP(D7,Chart_of_Accounts!$A:$A,Chart_of_Accounts!$E:$E,""),"") -> 0 | J7: =IF(H7="","",H7-I7)
E8: =IFERROR(_xlfn.XLOOKUP(D8,Chart_of_Accounts!$A:$A,Chart_of_Accounts!$C:$C,""),"") -> 0 | F8: =IFERROR(_xlfn.XLOOKUP(D8,Chart_of_Accounts!$A:$A,Chart_of_Accounts!$E:$E,""),"") -> 0 | J8: =IF(H8="","",H8-I8)
E9: =IFERROR(_xlfn.XLOOKUP(D9,Chart_of_Accounts!$A:$A,Chart_of_Accounts!$C:$C,""),"") -> 0 | F9: =IFERROR(_xlfn.XLOOKUP(D9,Chart_of_Accounts!$A:$A,Chart_of_Accounts!$E:$E,""),"") -> 0 | J9: =IF(H9="","",H9-I9)
E10: =IFERROR(_xlfn.XLOOKUP(D10,Chart_of_Accounts!$A:$A,Chart_of_Accounts!$C:$C,""),"") -> 0 | F10: =IFERROR(_xlfn.XLOOKUP(D10,Chart_of_Accounts!$A:$A,Chart_of_Accounts!$E:$E,""),"") -> 0 | J10: =IF(H10="","",H10-I10)
E11: =IFERROR(_xlfn.XLOOKUP(D11,Chart_of_Accounts!$A:$A,Chart_of_Accounts!$C:$C,""),"") -> 0 | F11: =IFERROR(_xlfn.XLOOKUP(D11,Chart_of_Accounts!$A:$A,Chart_of_Accounts!$E:$E,""),"") -> 0 | J11: =IF(H11="","",H11-I11)
E12: =IFERROR(_xlfn.XLOOKUP(D12,Chart_of_Accounts!$A:$A,Chart_of_Accounts!$C:$C,""),"") -> 0 | F12: =IFERROR(_xlfn.XLOOKUP(D12,Chart_of_Accounts!$A:$A,Chart_of_Accounts!$E:$E,""),"") -> 0 | J12: =IF(H12="","",H12-I12)
E13: =IFERROR(_xlfn.XLOOKUP(D13,Chart_of_Accounts!$A:$A,Chart_of_Accounts!$C:$C,""),"") -> 0 | F13: =IFERROR(_xlfn.XLOOKUP(D13,Chart_of_Accounts!$A:$A,Chart_of_Accounts!$E:$E,""),"") -> 0 | J13: =IF(H13="","",H13-I13)
... E201: =IFERROR(_xlfn.XLOOKUP(D201,Chart_of_Accounts!$A:$A,Chart_of_Accounts!$C:$C,""),"") -> 0 | F201: =IFERROR(_xlfn.XLOOKUP(D201,Chart_of_Accounts!$A:$A,Chart_of_Accounts!$E:$E,""),"") -> 0 | J201: =IF(H201="","",H201-I201)

Sheet Trial_Balance
A1: Account Code | B1: Donor Budget Code | C1: Account Name | D1: Cost Centre | E1: Budget (TZS) | F1: Actual Expense (TZS) | G1: Commitment (TZS) | H1: Available Balance | I1: % Spent | J1: Audit Note
A2: 5001 | B2: PER-001 | C2: Project Manager | D2: Personnel | E2: 2000000 | F2: =SUMIFS(General_Ledger!$L:$L,General_Ledger!$D:$D,A2) -> 250000 | G2: =SUMIFS(General_Ledger!$M:$M,General_Ledger!$D:$D,A2)+SUMIFS(Commitments!$J:$J,Commitments!$D:$D,A2) -> 0 | H2: =E2-F2-G2 -> 1750000 | I2: =IF(E2=0,0,F2/E2) -> 0.125 | J2: =IF(H2<0,"Over budget",IF(I2>0.9,"Near budget limit","OK")) -> OK
A3: 5002 | B3: PER-002 | C3: Field Coordinator | D3: Personnel | E3: 1600000 | F3: =SUMIFS(General_Ledger!$L:$L,General_Ledger!$D:$D,A3) -> 0 | G3: =SUMIFS(General_Ledger!$M:$M,General_Ledger!$D:$D,A3)+SUMIFS(Commitments!$J:$J,Commitments!$D:$D,A3) -> 0 | H3: =E3-F3-G3 -> 1600000 | I3: =IF(E3=0,0,F3/E3) -> 0 | J3: =IF(H3<0,"Over budget",IF(I3>0.9,"Near budget limit","OK")) -> OK
A4: 5003 | B4: PER-003 | C4: M&E Officer | D4: Personnel | E4: 1200000 | F4: =SUMIFS(General_Ledger!$L:$L,General_Ledger!$D:$D,A4) -> 0 | G4: =SUMIFS(General_Ledger!$M:$M,General_Ledger!$D:$D,A4)+SUMIFS(Commitments!$J:$J,Commitments!$D:$D,A4) -> 0 | H4: =E4-F4-G4 -> 1200000 | I4: =IF(E4=0,0,F4/E4) -> 0 | J4: =IF(H4<0,"Over budget",IF(I4>0.9,"Near budget limit","OK")) -> OK
A5: 5004 | B5: PER-004 | C5: Finance Officer | D5: Personnel | E5: 1200000 | F5: =SUMIFS(General_Ledger!$L:$L,General_Ledger!$D:$D,A5) -> 0 | G5: =SUMIFS(General_Ledger!$M:$M,General_Ledger!$D:$D,A5)+SUMIFS(Commitments!$J:$J,Commitments!$D:$D,A5) -> 0 | H5: =E5-F5-G5 -> 1200000 | I5: =IF(E5=0,0,F5/E5) -> 0 | J5: =IF(H5<0,"Over budget",IF(I5>0.9,"Near budget limit","OK")) -> OK
A6: 5005 | B6: PER-005 | C6: Sign Language Interpreter | D6: Personnel | E6: 800000 | F6: =SUMIFS(General_Ledger!$L:$L,General_Ledger!$D:$D,A6) -> 0 | G6: =SUMIFS(General_Ledger!$M:$M,General_Ledger!$D:$D,A6)+SUMIFS(Commitments!$J:$J,Commitments!$D:$D,A6) -> 0 | H6: =E6-F6-G6 -> 800000 | I6: =IF(E6=0,0,F6/E6) -> 0 | J6: =IF(H6<0,"Over budget",IF(I6>0.9,"Near budget limit","OK")) -> OK
A7: 5101 | B7: PI-001 | C7: Venue hire | D7: Programme Implementation | E7: 800000 | F7: =SUMIFS(General_Ledger!$L:$L,General_Ledger!$D:$D,A7) -> 0 | G7: =SUMIFS(General_Ledger!$M:$M,General_Ledger!$D:$D,A7)+SUMIFS(Commitments!$J:$J,Commitments!$D:$D,A7) -> 0 | H7: =E7-F7-G7 -> 800000 | I7: =IF(E7=0,0,F7/E7) -> 0 | J7: =IF(H7<0,"Over budget",IF(I7>0.9,"Near budget limit","OK")) -> OK
A8: 5102 | B8: PI-002 | C8: Participant transport / meals | D8: Programme Implementation | E8: 4800000 | F8: =SUMIFS(General_Ledger!$L:$L,General_Ledger!$D:$D,A8) -> 0 | G8: =SUMIFS(General_Ledger!$M:$M,General_Ledger!$D:$D,A8)+SUMIFS(Commitments!$J:$J,Commitments!$D:$D,A8) -> 0 | H8: =E8-F8-G8 -> 4800000 | I8: =IF(E8=0,0,F8/E8) -> 0 | J8: =IF(H8<0,"Over budget",IF(I8>0.9,"Near budget limit","OK")) -> OK
A9: 5103 | B9: PI-003 | C9: Stationery and materials | D9: Programme Implementation | E9: 200000 | F9: =SUMIFS(General_Ledger!$L:$L,General_Ledger!$D:$D,A9) -> 0 | G9: =SUMIFS(General_Ledger!$M:$M,General_Ledger!$D:$D,A9)+SUMIFS(Commitments!$J:$J,Commitments!$D:$D,A9) -> 0 | H9: =E9-F9-G9 -> 200000 | I9: =IF(E9=0,0,F9/E9) -> 0 | J9: =IF(H9<0,"Over budget",IF(I9>0.9,"Near budget limit","OK")) -> OK
A10: 5104 | B10: PI-004 | C10: Facilitator allowance | D10: Programme Implementation | E10: 800000 | F10: =SUMIFS(General_Ledger!$L:$L,General_Ledger!$D:$D,A10) -> 0 | G10: =SUMIFS(General_Ledger!$M:$M,General_Ledger!$D:$D,A10)+SUMIFS(Commitments!$J:$J,Commitments!$D:$D,A10) -> 0 | H10: =E10-F10-G10 -> 800000 | I10: =IF(E10=0,0,F10/E10) -> 0 | J10: =IF(H10<0,"Over budget",IF(I10>0.9,"Near budget limit","OK")) -> OK
A11: 5111 | B11: PI-005 | C11: Venue hire | D11: Programme Implementation | E11: 750000 | F11: =SUMIFS(General_Ledger!$L:$L,General_Ledger!$D:$D,A11) -> 0 | G11: =SUMIFS(General_Ledger!$M:$M,General_Ledger!$D:$D,A11)+SUMIFS(Commitments!$J:$J,Commitments!$D:$D,A11) -> 0 | H11: =E11-F11-G11 -> 750000 | I11: =IF(E11=0,0,F11/E11) -> 0 | J11: =IF(H11<0,"Over budget",IF(I11>0.9,"Near budget limit","OK")) -> OK
A12: 5112 | B12: PI-006 | C12: Participant transport / meals | D12: Programme Implementation | E12: 6000000 | F12: =SUMIFS(General_Ledger!$L:$L,General_Ledger!$D:$D,A12) -> 0 | G12: =SUMIFS(General_Ledger!$M:$M,General_Ledger!$D:$D,A12)+SUMIFS(Commitments!$J:$J,Commitments!$D:$D,A12) -> 0 | H12: =E12-F12-G12 -> 6000000 | I12: =IF(E12=0,0,F12/E12) -> 0 | J12: =IF(H12<0,"Over budget",IF(I12>0.9,"Near budget limit","OK")) -> OK
A13: 5113 | B13: PI-007 | C13: Training materials & printing | D13: Programme Implementation | E13: 150000 | F13: =SUMIFS(General_Ledger!$L:$L,General_Ledger!$D:$D,A13) -> 0 | G13: =SUMIFS(General_Ledger!$M:$M,General_Ledger!$D:$D,A13)+SUMIFS(Commitments!$J:$J,Commitments!$D:$D,A13) -> 0 | H13: =E13-F13-G13 -> 150000 | I13: =IF(E13=0,0,F13/E13) -> 0 | J13: =IF(H13<0,"Over budget",IF(I13>0.9,"Near budget limit","OK")) -> OK
... A35: 5301 | B35: OH-001 | C35: Office utilities, communications, audit, reporting | D35: Overhead | E35: 1624288 | F35: =SUMIFS(General_Ledger!$L:$L,General_Ledger!$D:$D,A35) -> 0 | G35: =SUMIFS(General_Ledger!$M:$M,General_Ledger!$D:$D,A35)+SUMIFS(Commitments!$J:$J,Commitments!$D:$D,A35) -> 0 | H35: =E35-F35-G35 -> 1624288 | I35: =IF(E35=0,0,F35/E35) -> 0 | J35: =IF(H35<0,"Over budget",IF(I35>0.9,"Near budget limit","OK")) -> OK
D37: TOTAL | E37: =SUM(E2:E35) -> 32504288 | F37: =SUM(F2:F35) -> 300000 | G37: =SUM(G2:G35) -> 0 | H37: =SUM(H2:H35) -> 32204288 | I37: =IF(E37=0,0,F37/E37) -> 0.0092295515

Sheet Annex4_Budget_vs_Expenses
A1: PROJECT BUDGET – STRENGTHENING THE VOICES OF OLDER PEOPLE IN KASULU DISTRICT THROUGH INCLUSIVE DIALOGUE AND COLLABORATION WITH CIVIL SOCIETY, STAKEHOLDERS, AND LOCAL GOVERNMENT AUTHORITY
A3: Exchange Rate Assumption (TZS / GBP): | D3: =Dashboard!B7 -> 3293 | E3: Linked to Dashboard B7
A5: Budget Category | B5: Allocation % | C5: Unit Cost (TZS/mo) | D5: Months | E5: Total (TZS) | F5: Budget Amount (GBP) | G5: Actual Expenditure GBP | H5: % Spent | I5: Variance GBP
A6: Personnel Costs | E6: =SUMIFS(Budget_Map!$L:$L,Budget_Map!$B:$B,"Personnel") -> 6800000 | F6: =E6/Dashboard!$B$7 -> 2064.9863 | G6: =SUMIFS(General_Ledger!$O:$O,General_Ledger!$H:$H,IF(A6="Monitoring & Evaluation","Monitoring and Evaluation",IF(A6="Personnel Costs","Personnel",IF(A6="Programme Implementation Costs","Programme Implementation",A6)))) -> 75.918615 | H6: =IF(F6=0,0,G6/F6) -> 0.036764706 | I6: =F6-G6 -> 1989.0677
A7: Programme Implementation Costs | E7: =SUMIFS(Budget_Map!$L:$L,Budget_Map!$B:$B,"Programme Implementation") -> 21130000 | F7: =E7/Dashboard!$B$7 -> 6416.6414 | G7: =SUMIFS(General_Ledger!$O:$O,General_Ledger!$H:$H,IF(A7="Monitoring & Evaluation","Monitoring and Evaluation",IF(A7="Personnel Costs","Personnel",IF(A7="Programme Implementation Costs","Programme Implementation",A7)))) -> 0 | H7: =IF(F7=0,0,G7/F7) -> 0 | I7: =F7-G7 -> 6416.6414
A8: Activity 1: Inclusive Dialogue Forums (×4 forums) – 120 unique participants | E8: =SUMIFS(Budget_Map!$L:$L,Budget_Map!$E:$E,A8) -> 6600000 | F8: =E8/Dashboard!$B$7 -> 2004.2514 | G8: =SUMIFS(General_Ledger!$O:$O,General_Ledger!$H:$H,IF(A8="Monitoring & Evaluation","Monitoring and Evaluation",IF(A8="Personnel Costs","Personnel",IF(A8="Programme Implementation Costs","Programme Implementation",A8)))) -> 0 | H8: =IF(F8=0,0,G8/F8) -> 0 | I8: =F8-G8 -> 2004.2514
A9: Activity 2: Capacity Building Workshops (×5 workshops) – 120 unique OPA & CSO participants | E9: =SUMIFS(Budget_Map!$L:$L,Budget_Map!$E:$E,A9) -> 7400000 | F9: =E9/Dashboard!$B$7 -> 2247.191 | G9: =SUMIFS(General_Ledger!$O:$O,General_Ledger!$H:$H,IF(A9="Monitoring & Evaluation","Monitoring and Evaluation",IF(A9="Personnel Costs","Personnel",IF(A9="Programme Implementation Costs","Programme Implementation",A9)))) -> 0 | H9: =IF(F9=0,0,G9/F9) -> 0 | I9: =F9-G9 -> 2247.191
A10: Activity 3: Advocacy Campaigns Against Ageism | E10: =SUMIFS(Budget_Map!$L:$L,Budget_Map!$E:$E,A10) -> 3130000 | F10: =E10/Dashboard!$B$7 -> 950.50106 | G10: =SUMIFS(General_Ledger!$O:$O,General_Ledger!$H:$H,IF(A10="Monitoring & Evaluation","Monitoring and Evaluation",IF(A10="Personnel Costs","Personnel",IF(A10="Programme Implementation Costs","Programme Implementation",A10)))) -> 0 | H10: =IF(F10=0,0,G10/F10) -> 0 | I10: =F10-G10 -> 950.50106
A11: Activity 4: Stakeholder Coordination Meetings (×4 meetings) – 75 unique participants | E11: =SUMIFS(Budget_Map!$L:$L,Budget_Map!$E:$E,A11) -> 4000000 | F11: =E11/Dashboard!$B$7 -> 1214.6978 | G11: =SUMIFS(General_Ledger!$O:$O,General_Ledger!$H:$H,IF(A11="Monitoring & Evaluation","Monitoring and Evaluation",IF(A11="Personnel Costs","Personnel",IF(A11="Programme Implementation Costs","Programme Implementation",A11)))) -> 0 | H11: =IF(F11=0,0,G11/F11) -> 0 | I11: =F11-G11 -> 1214.6978
A12: Monitoring & Evaluation | E12: =SUMIFS(Budget_Map!$L:$L,Budget_Map!$B:$B,"Monitoring and Evaluation") -> 2950000 | F12: =E12/Dashboard!$B$7 -> 895.83966 | G12: =SUMIFS(General_Ledger!$O:$O,General_Ledger!$H:$H,IF(A12="Monitoring & Evaluation","Monitoring and Evaluation",IF(A12="Personnel Costs","Personnel",IF(A12="Programme Implementation Costs","Programme Implementation",A12)))) -> 15.183723 | H12: =IF(F12=0,0,G12/F12) -> 0.016949153 | I12: =F12-G12 -> 880.65594
A13: Total Direct Expense | E13: =SUM(E6,E7,E12) -> 30880000 | F13: =E13/Dashboard!$B$7 -> 9377.4674 | G13: =SUMIFS(General_Ledger!$O:$O,General_Ledger!$H:$H,IF(A13="Monitoring & Evaluation","Monitoring and Evaluation",IF(A13="Personnel Costs","Personnel",IF(A13="Programme Implementation Costs","Programme Implementation",A13)))) -> 0 | H13: =IF(F13=0,0,G13/F13) -> 0 | I13: =F13-G13 -> 9377.4674
A14: Overhead (5.3%) | E14: =SUMIFS(Budget_Map!$L:$L,Budget_Map!$B:$B,"Overhead") -> 1624288 | F14: =E14/Dashboard!$B$7 -> 493.25478 | G14: =SUMIFS(General_Ledger!$O:$O,General_Ledger!$H:$H,IF(A14="Monitoring & Evaluation","Monitoring and Evaluation",IF(A14="Personnel Costs","Personnel",IF(A14="Programme Implementation Costs","Programme Implementation",A14)))) -> 0 | H14: =IF(F14=0,0,G14/F14) -> 0 | I14: =F14-G14 -> 493.25478
A15: TOTAL BUDGET | E15: =SUM(E13:E14) -> 32504288 | F15: =E15/Dashboard!$B$7 -> 9870.7221 | G15: =SUMIFS(General_Ledger!$O:$O,General_Ledger!$H:$H,IF(A15="Monitoring & Evaluation","Monitoring and Evaluation",IF(A15="Personnel Costs","Personnel",IF(A15="Programme Implementation Costs","Programme Implementation",A15)))) -> 0 | H15: =IF(F15=0,0,G15/F15) -> 0 | I15: =F15-G15 -> 9870.7221

Sheet Annex4_Financial_Report
B1: Name & Country of Organization: | E1: EWAKI - Tanzania
B2: Project Title: | E2: SCORE:Strengthening Civil Society for older persons rights & engagement project
B3: Outcome | E3: Outcome 1 (Outcome 2 of SCORE)
B4: Budget in GBP | E4: =Dashboard!B9 -> 9870.7221
B5: Exchange rate | E5: =Dashboard!B7 -> 3293
B6: Amount received in Local currency
B7: TRANSACTION LIST
B8: Donor Budget Code | C8: Month | D8: Transaction Date dd/mm/yyyy | E8: Transaction Ref/Voucher # | F8: Description | G8: Transaction Currency | H8: Transaction Amount | I8: Exchange Rate | J8: Amounts in GBP | K8: Location | L8: Remarks | M8: Status
B9: =General_Ledger!E2 -> PER-001 | C9: =General_Ledger!B2 -> Jul-26 | D9: =General_Ledger!A2 -> 46206 | E9: =General_Ledger!C2 -> 1 | F9: =General_Ledger!I2 -> PAYMENTS | G9: ="TZS" -> TZS | H9: =General_Ledger!L2 -> 250000 | I9: =General_Ledger!N2 -> 3293 | J9: =General_Ledger!O2 -> 75.918615 | K9: =General_Ledger!R2 -> Kasulu | L9: =General_Ledger!U2 -> 0 | M9: =General_Ledger!T2 -> Paid
B10: =General_Ledger!E3 -> PER-001 | C10: =General_Ledger!B3 -> Jul-26 | D10: =General_Ledger!A3 -> 46205 | E10: =General_Ledger!C3 -> 2 | F10: =General_Ledger!I3 -> BANK | G10: ="TZS" -> TZS | H10: =General_Ledger!L3 -> 0 | I10: =General_Ledger!N3 -> 3293 | J10: =General_Ledger!O3 | K10: =General_Ledger!R3 -> 0 | L10: =General_Ledger!U3 -> 0 | M10: =General_Ledger!T3 -> 0
B11: =General_Ledger!E4 -> ME-001 | C11: =General_Ledger!B4 -> Sept-27 | D11: =General_Ledger!A4 -> 46639 | E11: =General_Ledger!C4 -> 6 | F11: =General_Ledger!I4 -> 0 | G11: ="TZS" -> TZS | H11: =General_Ledger!L4 -> 50000 | I11: =General_Ledger!N4 -> 3293 | J11: =General_Ledger!O4 -> 15.183723 | K11: =General_Ledger!R4 -> Kasulu | L11: =General_Ledger!U4 -> 0 | M11: =General_Ledger!T4 -> Paid
B12: =General_Ledger!E5 -> 0 | C12: =General_Ledger!B5 | D12: =General_Ledger!A5 -> 0 | E12: =General_Ledger!C5 -> 0 | F12: =General_Ledger!I5 -> 0 | G12: ="TZS" -> TZS | H12: =General_Ledger!L5 -> 0 | I12: =General_Ledger!N5 | J12: =General_Ledger!O5 | K12: =General_Ledger!R5 -> 0 | L12: =General_Ledger!U5 -> 0 | M12: =General_Ledger!T5 -> 0
B13: =General_Ledger!E6 -> 0 | C13: =General_Ledger!B6 | D13: =General_Ledger!A6 -> 0 | E13: =General_Ledger!C6 -> 0 | F13: =General_Ledger!I6 -> 0 | G13: ="TZS" -> TZS | H13: =General_Ledger!L6 -> 0 | I13: =General_Ledger!N6 | J13: =General_Ledger!O6 | K13: =General_Ledger!R6 -> 0 | L13: =General_Ledger!U6 -> 0 | M13: =General_Ledger!T6 -> 0
B14: =General_Ledger!E7 -> 0 | C14: =General_Ledger!B7 | D14: =General_Ledger!A7 -> 0 | E14: =General_Ledger!C7 -> 0 | F14: =General_Ledger!I7 -> 0 | G14: ="TZS" -> TZS | H14: =General_Ledger!L7 -> 0 | I14: =General_Ledger!N7 | J14: =General_Ledger!O7 | K14: =General_Ledger!R7 -> 0 | L14: =General_Ledger!U7 -> 0 | M14: =General_Ledger!T7 -> 0
B15: =General_Ledger!E8 -> 0 | C15: =General_Ledger!B8 | D15: =General_Ledger!A8 -> 0 | E15: =General_Ledger!C8 -> 0 | F15: =General_Ledger!I8 -> 0 | G15: ="TZS" -> TZS | H15: =General_Ledger!L8 -> 0 | I15: =General_Ledger!N8 | J15: =General_Ledger!O8 | K15: =General_Ledger!R8 -> 0 | L15: =General_Ledger!U8 -> 0 | M15: =General_Ledger!T8 -> 0
B16: =General_Ledger!E9 -> 0 | C16: =General_Ledger!B9 | D16: =General_Ledger!A9 -> 0 | E16: =General_Ledger!C9 -> 0 | F16: =General_Ledger!I9 -> 0 | G16: ="TZS" -> TZS | H16: =General_Ledger!L9 -> 0 | I16: =General_Ledger!N9 | J16: =General_Ledger!O9 | K16: =General_Ledger!R9 -> 0 | L16: =General_Ledger!U9 -> 0 | M16: =General_Ledger!T9 -> 0
B17: =General_Ledger!E10 -> 0 | C17: =General_Ledger!B10 | D17: =General_Ledger!A10 -> 0 | E17: =General_Ledger!C10 -> 0 | F17: =General_Ledger!I10 -> 0 | G17: ="TZS" -> TZS | H17: =General_Ledger!L10 -> 0 | I17: =General_Ledger!N10 | J17: =General_Ledger!O10 | K17: =General_Ledger!R10 -> 0 | L17: =General_Ledger!U10 -> 0 | M17: =General_Ledger!T10 -> 0
B18: =General_Ledger!E11 -> 0 | C18: =General_Ledger!B11 | D18: =General_Ledger!A11 -> 0 | E18: =General_Ledger!C11 -> 0 | F18: =General_Ledger!I11 -> 0 | G18: ="TZS" -> TZS | H18: =General_Ledger!L11 -> 0 | I18: =General_Ledger!N11 | J18: =General_Ledger!O11 | K18: =General_Ledger!R11 -> 0 | L18: =General_Ledger!U11 -> 0 | M18: =General_Ledger!T11 -> 0
B19: =General_Ledger!E12 -> 0 | C19: =General_Ledger!B12 | D19: =General_Ledger!A12 -> 0 | E19: =General_Ledger!C12 -> 0 | F19: =General_Ledger!I12 -> 0 | G19: ="TZS" -> TZS | H19: =General_Ledger!L12 -> 0 | I19: =General_Ledger!N12 | J19: =General_Ledger!O12 | K19: =General_Ledger!R12 -> 0 | L19: =General_Ledger!U12 -> 0 | M19: =General_Ledger!T12 -> 0
B20: =General_Ledger!E13 -> 0 | C20: =General_Ledger!B13 | D20: =General_Ledger!A13 -> 0 | E20: =General_Ledger!C13 -> 0 | F20: =General_Ledger!I13 -> 0 | G20: ="TZS" -> TZS | H20: =General_Ledger!L13 -> 0 | I20: =General_Ledger!N13 | J20: =General_Ledger!O13 | K20: =General_Ledger!R13 -> 0 | L20: =General_Ledger!U13 -> 0 | M20: =General_Ledger!T13 -> 0
... B208: =General_Ledger!E201 -> 0 | C208: =General_Ledger!B201 | D208: =General_Ledger!A201 -> 0 | E208: =General_Ledger!C201 -> 0 | F208: =General_Ledger!I201 -> 0 | G208: ="TZS" -> TZS | H208: =General_Ledger!L201 -> 0 | I208: =General_Ledger!N201 | J208: =General_Ledger!O201 | K208: =General_Ledger!R201 -> 0 | L208: =General_Ledger!U201 -> 0 | M208: =General_Ledger!T201 -> 0

Sheet Pivot_Summaries
A1: Cost Centre | B1: Budget (TZS) | C1: Actual (TZS) | D1: Commitment (TZS) | E1: Balance (TZS) | F1: Actual GBP | G1: % Spent | H1: Status
A2: Personnel | B2: =SUMIFS(Budget_Map!$L:$L,Budget_Map!$B:$B,A2) -> 6800000 | C2: =SUMIFS(General_Ledger!$L:$L,General_Ledger!$H:$H,A2) -> 250000 | D2: =SUMIFS(General_Ledger!$M:$M,General_Ledger!$H:$H,A2)+SUMIFS(Commitments!$J:$J,Commitments!$F:$F,A2) -> 0 | E2: =B2-C2-D2 -> 6550000 | F2: =C2/Dashboard!$B$7 -> 75.918615 | G2: =IF(B2=0,0,C2/B2) -> 0.036764706 | H2: =IF(E2<0,"Over budget",IF(G2>0.9,"Near budget limit","OK")) -> OK
A3: Programme Implementation | B3: =SUMIFS(Budget_Map!$L:$L,Budget_Map!$B:$B,A3) -> 21130000 | C3: =SUMIFS(General_Ledger!$L:$L,General_Ledger!$H:$H,A3) -> 0 | D3: =SUMIFS(General_Ledger!$M:$M,General_Ledger!$H:$H,A3)+SUMIFS(Commitments!$J:$J,Commitments!$F:$F,A3) -> 0 | E3: =B3-C3-D3 -> 21130000 | F3: =C3/Dashboard!$B$7 -> 0 | G3: =IF(B3=0,0,C3/B3) -> 0 | H3: =IF(E3<0,"Over budget",IF(G3>0.9,"Near budget limit","OK")) -> OK
A4: Monitoring and Evaluation | B4: =SUMIFS(Budget_Map!$L:$L,Budget_Map!$B:$B,A4) -> 2950000 | C4: =SUMIFS(General_Ledger!$L:$L,General_Ledger!$H:$H,A4) -> 50000 | D4: =SUMIFS(General_Ledger!$M:$M,General_Ledger!$H:$H,A4)+SUMIFS(Commitments!$J:$J,Commitments!$F:$F,A4) -> 0 | E4: =B4-C4-D4 -> 2900000 | F4: =C4/Dashboard!$B$7 -> 15.183723 | G4: =IF(B4=0,0,C4/B4) -> 0.016949153 | H4: =IF(E4<0,"Over budget",IF(G4>0.9,"Near budget limit","OK")) -> OK
A5: Overhead | B5: =SUMIFS(Budget_Map!$L:$L,Budget_Map!$B:$B,A5) -> 1624288 | C5: =SUMIFS(General_Ledger!$L:$L,General_Ledger!$H:$H,A5) -> 0 | D5: =SUMIFS(General_Ledger!$M:$M,General_Ledger!$H:$H,A5)+SUMIFS(Commitments!$J:$J,Commitments!$F:$F,A5) -> 0 | E5: =B5-C5-D5 -> 1624288 | F5: =C5/Dashboard!$B$7 -> 0 | G5: =IF(B5=0,0,C5/B5) -> 0 | H5: =IF(E5<0,"Over budget",IF(G5>0.9,"Near budget limit","OK")) -> OK
A8: Monthly Summary
A9: Month | B9: Personnel Actual | C9: Programme Actual | D9: M&E Actual | E9: Overhead Actual | F9: Total Actual | G9: Personnel Commitment | H9: Programme Commitment | I9: M&E Commitment | J9: Overhead Commitment | K9: Total Commitment | L9: Total Budget | M9: Total Balance | N9: % Budget Spent
A10: Jan-26 | B10: =SUMIFS(General_Ledger!$L:$L,General_Ledger!$B:$B,A10,General_Ledger!$H:$H,"Personnel") -> 0 | C10: =SUMIFS(General_Ledger!$L:$L,General_Ledger!$B:$B,A10,General_Ledger!$H:$H,"Programme Implementation") -> 0 | D10: =SUMIFS(General_Ledger!$L:$L,General_Ledger!$B:$B,A10,General_Ledger!$H:$H,"Monitoring and Evaluation") -> 0 | E10: =SUMIFS(General_Ledger!$L:$L,General_Ledger!$B:$B,A10,General_Ledger!$H:$H,"Overhead") -> 0 | F10: =SUM(B10:E10) -> 0 | G10: =SUMIFS(General_Ledger!$M:$M,General_Ledger!$B:$B,A10,General_Ledger!$H:$H,"Personnel") -> 0 | H10: =SUMIFS(General_Ledger!$M:$M,General_Ledger!$B:$B,A10,General_Ledger!$H:$H,"Programme Implementation") -> 0 | I10: =SUMIFS(General_Ledger!$M:$M,General_Ledger!$B:$B,A10,General_Ledger!$H:$H,"Monitoring and Evaluation") -> 0 | J10: =SUMIFS(General_Ledger!$M:$M,General_Ledger!$B:$B,A10,General_Ledger!$H:$H,"Overhead") -> 0 | K10: =SUM(G10:J10) -> 0 | L10: =Dashboard!$B$8 -> 32504288 | M10: =L10-F10-K10 -> 32504288 | N10: =IF(L10=0,0,F10/L10) -> 0
A11: Feb-26 | B11: =SUMIFS(General_Ledger!$L:$L,General_Ledger!$B:$B,A11,General_Ledger!$H:$H,"Personnel") -> 0 | C11: =SUMIFS(General_Ledger!$L:$L,General_Ledger!$B:$B,A11,General_Ledger!$H:$H,"Programme Implementation") -> 0 | D11: =SUMIFS(General_Ledger!$L:$L,General_Ledger!$B:$B,A11,General_Ledger!$H:$H,"Monitoring and Evaluation") -> 0 | E11: =SUMIFS(General_Ledger!$L:$L,General_Ledger!$B:$B,A11,General_Ledger!$H:$H,"Overhead") -> 0 | F11: =SUM(B11:E11) -> 0 | G11: =SUMIFS(General_Ledger!$M:$M,General_Ledger!$B:$B,A11,General_Ledger!$H:$H,"Personnel") -> 0 | H11: =SUMIFS(General_Ledger!$M:$M,General_Ledger!$B:$B,A11,General_Ledger!$H:$H,"Programme Implementation") -> 0 | I11: =SUMIFS(General_Ledger!$M:$M,General_Ledger!$B:$B,A11,General_Ledger!$H:$H,"Monitoring and Evaluation") -> 0 | J11: =SUMIFS(General_Ledger!$M:$M,General_Ledger!$B:$B,A11,General_Ledger!$H:$H,"Overhead") -> 0 | K11: =SUM(G11:J11) -> 0 | L11: =Dashboard!$B$8 -> 32504288 | M11: =L11-F11-K11 -> 32504288 | N11: =IF(L11=0,0,F11/L11) -> 0
A12: Mar-26 | B12: =SUMIFS(General_Ledger!$L:$L,General_Ledger!$B:$B,A12,General_Ledger!$H:$H,"Personnel") -> 0 | C12: =SUMIFS(General_Ledger!$L:$L,General_Ledger!$B:$B,A12,General_Ledger!$H:$H,"Programme Implementation") -> 0 | D12: =SUMIFS(General_Ledger!$L:$L,General_Ledger!$B:$B,A12,General_Ledger!$H:$H,"Monitoring and Evaluation") -> 0 | E12: =SUMIFS(General_Ledger!$L:$L,General_Ledger!$B:$B,A12,General_Ledger!$H:$H,"Overhead") -> 0 | F12: =SUM(B12:E12) -> 0 | G12: =SUMIFS(General_Ledger!$M:$M,General_Ledger!$B:$B,A12,General_Ledger!$H:$H,"Personnel") -> 0 | H12: =SUMIFS(General_Ledger!$M:$M,General_Ledger!$B:$B,A12,General_Ledger!$H:$H,"Programme Implementation") -> 0 | I12: =SUMIFS(General_Ledger!$M:$M,General_Ledger!$B:$B,A12,General_Ledger!$H:$H,"Monitoring and Evaluation") -> 0 | J12: =SUMIFS(General_Ledger!$M:$M,General_Ledger!$B:$B,A12,General_Ledger!$H:$H,"Overhead") -> 0 | K12: =SUM(G12:J12) -> 0 | L12: =Dashboard!$B$8 -> 32504288 | M12: =L12-F12-K12 -> 32504288 | N12: =IF(L12=0,0,F12/L12) -> 0
A13: Apr-26 | B13: =SUMIFS(General_Ledger!$L:$L,General_Ledger!$B:$B,A13,General_Ledger!$H:$H,"Personnel") -> 0 | C13: =SUMIFS(General_Ledger!$L:$L,General_Ledger!$B:$B,A13,General_Ledger!$H:$H,"Programme Implementation") -> 0 | D13: =SUMIFS(General_Ledger!$L:$L,General_Ledger!$B:$B,A13,General_Ledger!$H:$H,"Monitoring and Evaluation") -> 0 | E13: =SUMIFS(General_Ledger!$L:$L,General_Ledger!$B:$B,A13,General_Ledger!$H:$H,"Overhead") -> 0 | F13: =SUM(B13:E13) -> 0 | G13: =SUMIFS(General_Ledger!$M:$M,General_Ledger!$B:$B,A13,General_Ledger!$H:$H,"Personnel") -> 0 | H13: =SUMIFS(General_Ledger!$M:$M,General_Ledger!$B:$B,A13,General_Ledger!$H:$H,"Programme Implementation") -> 0 | I13: =SUMIFS(General_Ledger!$M:$M,General_Ledger!$B:$B,A13,General_Ledger!$H:$H,"Monitoring and Evaluation") -> 0 | J13: =SUMIFS(General_Ledger!$M:$M,General_Ledger!$B:$B,A13,General_Ledger!$H:$H,"Overhead") -> 0 | K13: =SUM(G13:J13) -> 0 | L13: =Dashboard!$B$8 -> 32504288 | M13: =L13-F13-K13 -> 32504288 | N13: =IF(L13=0,0,F13/L13) -> 0
A14: May-26 | B14: =SUMIFS(General_Ledger!$L:$L,General_Ledger!$B:$B,A14,General_Ledger!$H:$H,"Personnel") -> 0 | C14: =SUMIFS(General_Ledger!$L:$L,General_Ledger!$B:$B,A14,General_Ledger!$H:$H,"Programme Implementation") -> 0 | D14: =SUMIFS(General_Ledger!$L:$L,General_Ledger!$B:$B,A14,General_Ledger!$H:$H,"Monitoring and Evaluation") -> 0 | E14: =SUMIFS(General_Ledger!$L:$L,General_Ledger!$B:$B,A14,General_Ledger!$H:$H,"Overhead") -> 0 | F14: =SUM(B14:E14) -> 0 | G14: =SUMIFS(General_Ledger!$M:$M,General_Ledger!$B:$B,A14,General_Ledger!$H:$H,"Personnel") -> 0 | H14: =SUMIFS(General_Ledger!$M:$M,General_Ledger!$B:$B,A14,General_Ledger!$H:$H,"Programme Implementation") -> 0 | I14: =SUMIFS(General_Ledger!$M:$M,General_Ledger!$B:$B,A14,General_Ledger!$H:$H,"Monitoring and Evaluation") -> 0 | J14: =SUMIFS(General_Ledger!$M:$M,General_Ledger!$B:$B,A14,General_Ledger!$H:$H,"Overhead") -> 0 | K14: =SUM(G14:J14) -> 0 | L14: =Dashboard!$B$8 -> 32504288 | M14: =L14-F14-K14 -> 32504288 | N14: =IF(L14=0,0,F14/L14) -> 0
A15: Jun-26 | B15: =SUMIFS(General_Ledger!$L:$L,General_Ledger!$B:$B,A15,General_Ledger!$H:$H,"Personnel") -> 0 | C15: =SUMIFS(General_Ledger!$L:$L,General_Ledger!$B:$B,A15,General_Ledger!$H:$H,"Programme Implementation") -> 0 | D15: =SUMIFS(General_Ledger!$L:$L,General_Ledger!$B:$B,A15,General_Ledger!$H:$H,"Monitoring and Evaluation") -> 0 | E15: =SUMIFS(General_Ledger!$L:$L,General_Ledger!$B:$B,A15,General_Ledger!$H:$H,"Overhead") -> 0 | F15: =SUM(B15:E15) -> 0 | G15: =SUMIFS(General_Ledger!$M:$M,General_Ledger!$B:$B,A15,General_Ledger!$H:$H,"Personnel") -> 0 | H15: =SUMIFS(General_Ledger!$M:$M,General_Ledger!$B:$B,A15,General_Ledger!$H:$H,"Programme Implementation") -> 0 | I15: =SUMIFS(General_Ledger!$M:$M,General_Ledger!$B:$B,A15,General_Ledger!$H:$H,"Monitoring and Evaluation") -> 0 | J15: =SUMIFS(General_Ledger!$M:$M,General_Ledger!$B:$B,A15,General_Ledger!$H:$H,"Overhead") -> 0 | K15: =SUM(G15:J15) -> 0 | L15: =Dashboard!$B$8 -> 32504288 | M15: =L15-F15-K15 -> 32504288 | N15: =IF(L15=0,0,F15/L15) -> 0
A16: Jul-26 | B16: =SUMIFS(General_Ledger!$L:$L,General_Ledger!$B:$B,A16,General_Ledger!$H:$H,"Personnel") -> 250000 | C16: =SUMIFS(General_Ledger!$L:$L,General_Ledger!$B:$B,A16,General_Ledger!$H:$H,"Programme Implementation") -> 0 | D16: =SUMIFS(General_Ledger!$L:$L,General_Ledger!$B:$B,A16,General_Ledger!$H:$H,"Monitoring and Evaluation") -> 0 | E16: =SUMIFS(General_Ledger!$L:$L,General_Ledger!$B:$B,A16,General_Ledger!$H:$H,"Overhead") -> 0 | F16: =SUM(B16:E16) -> 250000 | G16: =SUMIFS(General_Ledger!$M:$M,General_Ledger!$B:$B,A16,General_Ledger!$H:$H,"Personnel") -> 0 | H16: =SUMIFS(General_Ledger!$M:$M,General_Ledger!$B:$B,A16,General_Ledger!$H:$H,"Programme Implementation") -> 0 | I16: =SUMIFS(General_Ledger!$M:$M,General_Ledger!$B:$B,A16,General_Ledger!$H:$H,"Monitoring and Evaluation") -> 0 | J16: =SUMIFS(General_Ledger!$M:$M,General_Ledger!$B:$B,A16,General_Ledger!$H:$H,"Overhead") -> 0 | K16: =SUM(G16:J16) -> 0 | L16: =Dashboard!$B$8 -> 32504288 | M16: =L16-F16-K16 -> 32254288 | N16: =IF(L16=0,0,F16/L16) -> 0.0076912929
A17: Aug-26 | B17: =SUMIFS(General_Ledger!$L:$L,General_Ledger!$B:$B,A17,General_Ledger!$H:$H,"Personnel") -> 0 | C17: =SUMIFS(General_Ledger!$L:$L,General_Ledger!$B:$B,A17,General_Ledger!$H:$H,"Programme Implementation") -> 0 | D17: =SUMIFS(General_Ledger!$L:$L,General_Ledger!$B:$B,A17,General_Ledger!$H:$H,"Monitoring and Evaluation") -> 0 | E17: =SUMIFS(General_Ledger!$L:$L,General_Ledger!$B:$B,A17,General_Ledger!$H:$H,"Overhead") -> 0 | F17: =SUM(B17:E17) -> 0 | G17: =SUMIFS(General_Ledger!$M:$M,General_Ledger!$B:$B,A17,General_Ledger!$H:$H,"Personnel") -> 0 | H17: =SUMIFS(General_Ledger!$M:$M,General_Ledger!$B:$B,A17,General_Ledger!$H:$H,"Programme Implementation") -> 0 | I17: =SUMIFS(General_Ledger!$M:$M,General_Ledger!$B:$B,A17,General_Ledger!$H:$H,"Monitoring and Evaluation") -> 0 | J17: =SUMIFS(General_Ledger!$M:$M,General_Ledger!$B:$B,A17,General_Ledger!$H:$H,"Overhead") -> 0 | K17: =SUM(G17:J17) -> 0 | L17: =Dashboard!$B$8 -> 32504288 | M17: =L17-F17-K17 -> 32504288 | N17: =IF(L17=0,0,F17/L17) -> 0
A18: Sep-26 | B18: =SUMIFS(General_Ledger!$L:$L,General_Ledger!$B:$B,A18,General_Ledger!$H:$H,"Personnel") -> 0 | C18: =SUMIFS(General_Ledger!$L:$L,General_Ledger!$B:$B,A18,General_Ledger!$H:$H,"Programme Implementation") -> 0 | D18: =SUMIFS(General_Ledger!$L:$L,General_Ledger!$B:$B,A18,General_Ledger!$H:$H,"Monitoring and Evaluation") -> 0 | E18: =SUMIFS(General_Ledger!$L:$L,General_Ledger!$B:$B,A18,General_Ledger!$H:$H,"Overhead") -> 0 | F18: =SUM(B18:E18) -> 0 | G18: =SUMIFS(General_Ledger!$M:$M,General_Ledger!$B:$B,A18,General_Ledger!$H:$H,"Personnel") -> 0 | H18: =SUMIFS(General_Ledger!$M:$M,General_Ledger!$B:$B,A18,General_Ledger!$H:$H,"Programme Implementation") -> 0 | I18: =SUMIFS(General_Ledger!$M:$M,General_Ledger!$B:$B,A18,General_Ledger!$H:$H,"Monitoring and Evaluation") -> 0 | J18: =SUMIFS(General_Ledger!$M:$M,General_Ledger!$B:$B,A18,General_Ledger!$H:$H,"Overhead") -> 0 | K18: =SUM(G18:J18) -> 0 | L18: =Dashboard!$B$8 -> 32504288 | M18: =L18-F18-K18 -> 32504288 | N18: =IF(L18=0,0,F18/L18) -> 0
A19: Oct-26 | B19: =SUMIFS(General_Ledger!$L:$L,General_Ledger!$B:$B,A19,General_Ledger!$H:$H,"Personnel") -> 0 | C19: =SUMIFS(General_Ledger!$L:$L,General_Ledger!$B:$B,A19,General_Ledger!$H:$H,"Programme Implementation") -> 0 | D19: =SUMIFS(General_Ledger!$L:$L,General_Ledger!$B:$B,A19,General_Ledger!$H:$H,"Monitoring and Evaluation") -> 0 | E19: =SUMIFS(General_Ledger!$L:$L,General_Ledger!$B:$B,A19,General_Ledger!$H:$H,"Overhead") -> 0 | F19: =SUM(B19:E19) -> 0 | G19: =SUMIFS(General_Ledger!$M:$M,General_Ledger!$B:$B,A19,General_Ledger!$H:$H,"Personnel") -> 0 | H19: =SUMIFS(General_Ledger!$M:$M,General_Ledger!$B:$B,A19,General_Ledger!$H:$H,"Programme Implementation") -> 0 | I19: =SUMIFS(General_Ledger!$M:$M,General_Ledger!$B:$B,A19,General_Ledger!$H:$H,"Monitoring and Evaluation") -> 0 | J19: =SUMIFS(General_Ledger!$M:$M,General_Ledger!$B:$B,A19,General_Ledger!$H:$H,"Overhead") -> 0 | K19: =SUM(G19:J19) -> 0 | L19: =Dashboard!$B$8 -> 32504288 | M19: =L19-F19-K19 -> 32504288 | N19: =IF(L19=0,0,F19/L19) -> 0
A20: Nov-26 | B20: =SUMIFS(General_Ledger!$L:$L,General_Ledger!$B:$B,A20,General_Ledger!$H:$H,"Personnel") -> 0 | C20: =SUMIFS(General_Ledger!$L:$L,General_Ledger!$B:$B,A20,General_Ledger!$H:$H,"Programme Implementation") -> 0 | D20: =SUMIFS(General_Ledger!$L:$L,General_Ledger!$B:$B,A20,General_Ledger!$H:$H,"Monitoring and Evaluation") -> 0 | E20: =SUMIFS(General_Ledger!$L:$L,General_Ledger!$B:$B,A20,General_Ledger!$H:$H,"Overhead") -> 0 | F20: =SUM(B20:E20) -> 0 | G20: =SUMIFS(General_Ledger!$M:$M,General_Ledger!$B:$B,A20,General_Ledger!$H:$H,"Personnel") -> 0 | H20: =SUMIFS(General_Ledger!$M:$M,General_Ledger!$B:$B,A20,General_Ledger!$H:$H,"Programme Implementation") -> 0 | I20: =SUMIFS(General_Ledger!$M:$M,General_Ledger!$B:$B,A20,General_Ledger!$H:$H,"Monitoring and Evaluation") -> 0 | J20: =SUMIFS(General_Ledger!$M:$M,General_Ledger!$B:$B,A20,General_Ledger!$H:$H,"Overhead") -> 0 | K20: =SUM(G20:J20) -> 0 | L20: =Dashboard!$B$8 -> 32504288 | M20: =L20-F20-K20 -> 32504288 | N20: =IF(L20=0,0,F20/L20) -> 0
A21: Dec-26 | B21: =SUMIFS(General_Ledger!$L:$L,General_Ledger!$B:$B,A21,General_Ledger!$H:$H,"Personnel") -> 0 | C21: =SUMIFS(General_Ledger!$L:$L,General_Ledger!$B:$B,A21,General_Ledger!$H:$H,"Programme Implementation") -> 0 | D21: =SUMIFS(General_Ledger!$L:$L,General_Ledger!$B:$B,A21,General_Ledger!$H:$H,"Monitoring and Evaluation") -> 0 | E21: =SUMIFS(General_Ledger!$L:$L,General_Ledger!$B:$B,A21,General_Ledger!$H:$H,"Overhead") -> 0 | F21: =SUM(B21:E21) -> 0 | G21: =SUMIFS(General_Ledger!$M:$M,General_Ledger!$B:$B,A21,General_Ledger!$H:$H,"Personnel") -> 0 | H21: =SUMIFS(General_Ledger!$M:$M,General_Ledger!$B:$B,A21,General_Ledger!$H:$H,"Programme Implementation") -> 0 | I21: =SUMIFS(General_Ledger!$M:$M,General_Ledger!$B:$B,A21,General_Ledger!$H:$H,"Monitoring and Evaluation") -> 0 | J21: =SUMIFS(General_Ledger!$M:$M,General_Ledger!$B:$B,A21,General_Ledger!$H:$H,"Overhead") -> 0 | K21: =SUM(G21:J21) -> 0 | L21: =Dashboard!$B$8 -> 32504288 | M21: =L21-F21-K21 -> 32504288 | N21: =IF(L21=0,0,F21/L21) -> 0

Sheet Lists
A1: Cost Centre Code | B1: Cost Centre | C1: Status | D1: Payment Method | E1: Funding Source | F1: Location | H1: Sex | I1: Disability Status | J1: OPA Affiliation | K1: Age Group | L1: Attendance Status | M1: Event Type
A2: PER | B2: Personnel | C2: Draft | D2: Cash | E2: SCORE/HelpAge | F2: Tanzania | H2: Female | I2: No Disability | J2: Older Persons Association | K2: Under 18 | L2: Present | M2: Dialogue Forum
A3: PI | B3: Programme Implementation | C3: Committed | D3: Bank | E3: EWAKI Contribution | F3: Kasulu | H3: Male | I3: Physical Disability | J3: OPA Leader | K3: 18-35 | L3: Absent | M3: Capacity Building Workshop
A4: ME | B4: Monitoring and Evaluation | C4: Paid | D4: Mobile Money | E4: Other | F4: Kigoma | H4: Other | I4: Visual Impairment | J4: OPA Member | K4: 36-59 | L4: Excused | M4: Advocacy Campaign
A5: OH | B5: Overhead | C5: Posted | D5: Journal | I5: Hearing Impairment | J5: CSO Representative | K5: 60-69 | L5: Signed by representative | M5: Stakeholder Coordination Meeting
C6: Cancelled | D6: Other | J6: Local Government Authority | K6: 70-79 | M6: M&E Activity
J7: Community Representative | K7: 80+
J8: Caregiver
J9: Person with Disability Group
J10: Other

Sheet Attendance_Register
A1: EWAKI SCORE/HELPAge PROJECT - DIGITISED ATTENDANCE REGISTER
A2: Captures participant attendance, OPA affiliation, age, sex and disability status for SCORE/HAT disaggregated reporting.
A4: Attendance ID | B4: Event Date | C4: Month | D4: Event Type | E4: Activity / Budget Link | F4: Donor Budget Code | G4: Account Code | H4: Participant Name | I4: Age | J4: Age Group | K4: Sex | L4: OPA Affiliation | M4: Disability Status | N4: Phone / Contact | O4: Ward / Village | P4: Attendance Status | Q4: Signature / Thumbprint
A5: =IF(H5="","","ATT-"&TEXT(ROW()-4,"0000")) -> ATT-0001 | B5: 46226 | C5: =IF(B5="","",TEXT(B5,"mmm-yy")) -> Jul-26 | D5: Capacity Building Workshop | E5: =IF(D5="Dialogue Forum","Activity 1: Inclusive Dialogue Forums",IF(D5="Capacity Building Workshop","Activity 2: Capacity Building Workshops",IF(D5="Advocacy Campaign","Activity 3: Advocacy Campaigns Against Ageism",IF(D5="Stakeholder Coordination Meeting","Activity 4: Stakeholder Coordination Meetings",IF(D5="M&E Activity","Monitoring & Evaluation",""))))) -> Activity 2: Capacity Building Workshops | F5: =IF(D5="Dialogue Forum","PI-002",IF(D5="Capacity Building Workshop","PI-006",IF(D5="Advocacy Campaign","PI-013",IF(D5="Stakeholder Coordination Meeting","PI-015",IF(D5="M&E Activity","ME-001",""))))) -> PI-006 | G5: =IFERROR(_xlfn.XLOOKUP(F5,Chart_of_Accounts!$B:$B,Chart_of_Accounts!$A:$A,""),"") -> 5112 | H5: DAVID DYOYA | I5: 42 | J5: =IF(I5="","",IF(I5<18,"Under 18",IF(I5<=35,"18-35",IF(I5<=59,"36-59",IF(I5<=69,"60-69",IF(I5<=79,"70-79","80+")))))) -> 36-59 | K5: Male | L5: OPA Member | M5: No Disability | N5: 756533333 | O5: MWILANVYA | P5: Present
A6: =IF(H6="","","ATT-"&TEXT(ROW()-4,"0000")) | C6: =IF(B6="","",TEXT(B6,"mmm-yy")) | E6: =IF(D6="Dialogue Forum","Activity 1: Inclusive Dialogue Forums",IF(D6="Capacity Building Workshop","Activity 2: Capacity Building Workshops",IF(D6="Advocacy Campaign","Activity 3: Advocacy Campaigns Against Ageism",IF(D6="Stakeholder Coordination Meeting","Activity 4: Stakeholder Coordination Meetings",IF(D6="M&E Activity","Monitoring & Evaluation",""))))) | F6: =IF(D6="Dialogue Forum","PI-002",IF(D6="Capacity Building Workshop","PI-006",IF(D6="Advocacy Campaign","PI-013",IF(D6="Stakeholder Coordination Meeting","PI-015",IF(D6="M&E Activity","ME-001",""))))) | G6: =IFERROR(_xlfn.XLOOKUP(F6,Chart_of_Accounts!$B:$B,Chart_of_Accounts!$A:$A,""),"") | J6: =IF(I6="","",IF(I6<18,"Under 18",IF(I6<=35,"18-35",IF(I6<=59,"36-59",IF(I6<=69,"60-69",IF(I6<=79,"70-79","80+"))))))
A7: =IF(H7="","","ATT-"&TEXT(ROW()-4,"0000")) | C7: =IF(B7="","",TEXT(B7,"mmm-yy")) | E7: =IF(D7="Dialogue Forum","Activity 1: Inclusive Dialogue Forums",IF(D7="Capacity Building Workshop","Activity 2: Capacity Building Workshops",IF(D7="Advocacy Campaign","Activity 3: Advocacy Campaigns Against Ageism",IF(D7="Stakeholder Coordination Meeting","Activity 4: Stakeholder Coordination Meetings",IF(D7="M&E Activity","Monitoring & Evaluation",""))))) | F7: =IF(D7="Dialogue Forum","PI-002",IF(D7="Capacity Building Workshop","PI-006",IF(D7="Advocacy Campaign","PI-013",IF(D7="Stakeholder Coordination Meeting","PI-015",IF(D7="M&E Activity","ME-001",""))))) | G7: =IFERROR(_xlfn.XLOOKUP(F7,Chart_of_Accounts!$B:$B,Chart_of_Accounts!$A:$A,""),"") | J7: =IF(I7="","",IF(I7<18,"Under 18",IF(I7<=35,"18-35",IF(I7<=59,"36-59",IF(I7<=69,"60-69",IF(I7<=79,"70-79","80+"))))))
A8: =IF(H8="","","ATT-"&TEXT(ROW()-4,"0000")) | C8: =IF(B8="","",TEXT(B8,"mmm-yy")) | E8: =IF(D8="Dialogue Forum","Activity 1: Inclusive Dialogue Forums",IF(D8="Capacity Building Workshop","Activity 2: Capacity Building Workshops",IF(D8="Advocacy Campaign","Activity 3: Advocacy Campaigns Against Ageism",IF(D8="Stakeholder Coordination Meeting","Activity 4: Stakeholder Coordination Meetings",IF(D8="M&E Activity","Monitoring & Evaluation",""))))) | F8: =IF(D8="Dialogue Forum","PI-002",IF(D8="Capacity Building Workshop","PI-006",IF(D8="Advocacy Campaign","PI-013",IF(D8="Stakeholder Coordination Meeting","PI-015",IF(D8="M&E Activity","ME-001",""))))) | G8: =IFERROR(_xlfn.XLOOKUP(F8,Chart_of_Accounts!$B:$B,Chart_of_Accounts!$A:$A,""),"") | J8: =IF(I8="","",IF(I8<18,"Under 18",IF(I8<=35,"18-35",IF(I8<=59,"36-59",IF(I8<=69,"60-69",IF(I8<=79,"70-79","80+"))))))
A9: =IF(H9="","","ATT-"&TEXT(ROW()-4,"0000")) | C9: =IF(B9="","",TEXT(B9,"mmm-yy")) | E9: =IF(D9="Dialogue Forum","Activity 1: Inclusive Dialogue Forums",IF(D9="Capacity Building Workshop","Activity 2: Capacity Building Workshops",IF(D9="Advocacy Campaign","Activity 3: Advocacy Campaigns Against Ageism",IF(D9="Stakeholder Coordination Meeting","Activity 4: Stakeholder Coordination Meetings",IF(D9="M&E Activity","Monitoring & Evaluation",""))))) | F9: =IF(D9="Dialogue Forum","PI-002",IF(D9="Capacity Building Workshop","PI-006",IF(D9="Advocacy Campaign","PI-013",IF(D9="Stakeholder Coordination Meeting","PI-015",IF(D9="M&E Activity","ME-001",""))))) | G9: =IFERROR(_xlfn.XLOOKUP(F9,Chart_of_Accounts!$B:$B,Chart_of_Accounts!$A:$A,""),"") | J9: =IF(I9="","",IF(I9<18,"Under 18",IF(I9<=35,"18-35",IF(I9<=59,"36-59",IF(I9<=69,"60-69",IF(I9<=79,"70-79","80+"))))))
A10: =IF(H10="","","ATT-"&TEXT(ROW()-4,"0000")) | C10: =IF(B10="","",TEXT(B10,"mmm-yy")) | E10: =IF(D10="Dialogue Forum","Activity 1: Inclusive Dialogue Forums",IF(D10="Capacity Building Workshop","Activity 2: Capacity Building Workshops",IF(D10="Advocacy Campaign","Activity 3: Advocacy Campaigns Against Ageism",IF(D10="Stakeholder Coordination Meeting","Activity 4: Stakeholder Coordination Meetings",IF(D10="M&E Activity","Monitoring & Evaluation",""))))) | F10: =IF(D10="Dialogue Forum","PI-002",IF(D10="Capacity Building Workshop","PI-006",IF(D10="Advocacy Campaign","PI-013",IF(D10="Stakeholder Coordination Meeting","PI-015",IF(D10="M&E Activity","ME-001",""))))) | G10: =IFERROR(_xlfn.XLOOKUP(F10,Chart_of_Accounts!$B:$B,Chart_of_Accounts!$A:$A,""),"") | J10: =IF(I10="","",IF(I10<18,"Under 18",IF(I10<=35,"18-35",IF(I10<=59,"36-59",IF(I10<=69,"60-69",IF(I10<=79,"70-79","80+"))))))
A11: =IF(H11="","","ATT-"&TEXT(ROW()-4,"0000")) | C11: =IF(B11="","",TEXT(B11,"mmm-yy")) | E11: =IF(D11="Dialogue Forum","Activity 1: Inclusive Dialogue Forums",IF(D11="Capacity Building Workshop","Activity 2: Capacity Building Workshops",IF(D11="Advocacy Campaign","Activity 3: Advocacy Campaigns Against Ageism",IF(D11="Stakeholder Coordination Meeting","Activity 4: Stakeholder Coordination Meetings",IF(D11="M&E Activity","Monitoring & Evaluation",""))))) | F11: =IF(D11="Dialogue Forum","PI-002",IF(D11="Capacity Building Workshop","PI-006",IF(D11="Advocacy Campaign","PI-013",IF(D11="Stakeholder Coordination Meeting","PI-015",IF(D11="M&E Activity","ME-001",""))))) | G11: =IFERROR(_xlfn.XLOOKUP(F11,Chart_of_Accounts!$B:$B,Chart_of_Accounts!$A:$A,""),"") | J11: =IF(I11="","",IF(I11<18,"Under 18",IF(I11<=35,"18-35",IF(I11<=59,"36-59",IF(I11<=69,"60-69",IF(I11<=79,"70-79","80+"))))))
A12: =IF(H12="","","ATT-"&TEXT(ROW()-4,"0000")) | C12: =IF(B12="","",TEXT(B12,"mmm-yy")) | E12: =IF(D12="Dialogue Forum","Activity 1: Inclusive Dialogue Forums",IF(D12="Capacity Building Workshop","Activity 2: Capacity Building Workshops",IF(D12="Advocacy Campaign","Activity 3: Advocacy Campaigns Against Ageism",IF(D12="Stakeholder Coordination Meeting","Activity 4: Stakeholder Coordination Meetings",IF(D12="M&E Activity","Monitoring & Evaluation",""))))) | F12: =IF(D12="Dialogue Forum","PI-002",IF(D12="Capacity Building Workshop","PI-006",IF(D12="Advocacy Campaign","PI-013",IF(D12="Stakeholder Coordination Meeting","PI-015",IF(D12="M&E Activity","ME-001",""))))) | G12: =IFERROR(_xlfn.XLOOKUP(F12,Chart_of_Accounts!$B:$B,Chart_of_Accounts!$A:$A,""),"") | J12: =IF(I12="","",IF(I12<18,"Under 18",IF(I12<=35,"18-35",IF(I12<=59,"36-59",IF(I12<=69,"60-69",IF(I12<=79,"70-79","80+"))))))
A13: =IF(H13="","","ATT-"&TEXT(ROW()-4,"0000")) | C13: =IF(B13="","",TEXT(B13,"mmm-yy")) | E13: =IF(D13="Dialogue Forum","Activity 1: Inclusive Dialogue Forums",IF(D13="Capacity Building Workshop","Activity 2: Capacity Building Workshops",IF(D13="Advocacy Campaign","Activity 3: Advocacy Campaigns Against Ageism",IF(D13="Stakeholder Coordination Meeting","Activity 4: Stakeholder Coordination Meetings",IF(D13="M&E Activity","Monitoring & Evaluation",""))))) | F13: =IF(D13="Dialogue Forum","PI-002",IF(D13="Capacity Building Workshop","PI-006",IF(D13="Advocacy Campaign","PI-013",IF(D13="Stakeholder Coordination Meeting","PI-015",IF(D13="M&E Activity","ME-001",""))))) | G13: =IFERROR(_xlfn.XLOOKUP(F13,Chart_of_Accounts!$B:$B,Chart_of_Accounts!$A:$A,""),"") | J13: =IF(I13="","",IF(I13<18,"Under 18",IF(I13<=35,"18-35",IF(I13<=59,"36-59",IF(I13<=69,"60-69",IF(I13<=79,"70-79","80+"))))))
A14: =IF(H14="","","ATT-"&TEXT(ROW()-4,"0000")) | C14: =IF(B14="","",TEXT(B14,"mmm-yy")) | E14: =IF(D14="Dialogue Forum","Activity 1: Inclusive Dialogue Forums",IF(D14="Capacity Building Workshop","Activity 2: Capacity Building Workshops",IF(D14="Advocacy Campaign","Activity 3: Advocacy Campaigns Against Ageism",IF(D14="Stakeholder Coordination Meeting","Activity 4: Stakeholder Coordination Meetings",IF(D14="M&E Activity","Monitoring & Evaluation",""))))) | F14: =IF(D14="Dialogue Forum","PI-002",IF(D14="Capacity Building Workshop","PI-006",IF(D14="Advocacy Campaign","PI-013",IF(D14="Stakeholder Coordination Meeting","PI-015",IF(D14="M&E Activity","ME-001",""))))) | G14: =IFERROR(_xlfn.XLOOKUP(F14,Chart_of_Accounts!$B:$B,Chart_of_Accounts!$A:$A,""),"") | J14: =IF(I14="","",IF(I14<18,"Under 18",IF(I14<=35,"18-35",IF(I14<=59,"36-59",IF(I14<=69,"60-69",IF(I14<=79,"70-79","80+"))))))
A15: =IF(H15="","","ATT-"&TEXT(ROW()-4,"0000")) | C15: =IF(B15="","",TEXT(B15,"mmm-yy")) | E15: =IF(D15="Dialogue Forum","Activity 1: Inclusive Dialogue Forums",IF(D15="Capacity Building Workshop","Activity 2: Capacity Building Workshops",IF(D15="Advocacy Campaign","Activity 3: Advocacy Campaigns Against Ageism",IF(D15="Stakeholder Coordination Meeting","Activity 4: Stakeholder Coordination Meetings",IF(D15="M&E Activity","Monitoring & Evaluation",""))))) | F15: =IF(D15="Dialogue Forum","PI-002",IF(D15="Capacity Building Workshop","PI-006",IF(D15="Advocacy Campaign","PI-013",IF(D15="Stakeholder Coordination Meeting","PI-015",IF(D15="M&E Activity","ME-001",""))))) | G15: =IFERROR(_xlfn.XLOOKUP(F15,Chart_of_Accounts!$B:$B,Chart_of_Accounts!$A:$A,""),"") | J15: =IF(I15="","",IF(I15<18,"Under 18",IF(I15<=35,"18-35",IF(I15<=59,"36-59",IF(I15<=69,"60-69",IF(I15<=79,"70-79","80+"))))))
A16: =IF(H16="","","ATT-"&TEXT(ROW()-4,"0000")) | C16: =IF(B16="","",TEXT(B16,"mmm-yy")) | E16: =IF(D16="Dialogue Forum","Activity 1: Inclusive Dialogue Forums",IF(D16="Capacity Building Workshop","Activity 2: Capacity Building Workshops",IF(D16="Advocacy Campaign","Activity 3: Advocacy Campaigns Against Ageism",IF(D16="Stakeholder Coordination Meeting","Activity 4: Stakeholder Coordination Meetings",IF(D16="M&E Activity","Monitoring & Evaluation",""))))) | F16: =IF(D16="Dialogue Forum","PI-002",IF(D16="Capacity Building Workshop","PI-006",IF(D16="Advocacy Campaign","PI-013",IF(D16="Stakeholder Coordination Meeting","PI-015",IF(D16="M&E Activity","ME-001",""))))) | G16: =IFERROR(_xlfn.XLOOKUP(F16,Chart_of_Accounts!$B:$B,Chart_of_Accounts!$A:$A,""),"") | J16: =IF(I16="","",IF(I16<18,"Under 18",IF(I16<=35,"18-35",IF(I16<=59,"36-59",IF(I16<=69,"60-69",IF(I16<=79,"70-79","80+"))))))
A17: =IF(H17="","","ATT-"&TEXT(ROW()-4,"0000")) | C17: =IF(B17="","",TEXT(B17,"mmm-yy")) | E17: =IF(D17="Dialogue Forum","Activity 1: Inclusive Dialogue Forums",IF(D17="Capacity Building Workshop","Activity 2: Capacity Building Workshops",IF(D17="Advocacy Campaign","Activity 3: Advocacy Campaigns Against Ageism",IF(D17="Stakeholder Coordination Meeting","Activity 4: Stakeholder Coordination Meetings",IF(D17="M&E Activity","Monitoring & Evaluation",""))))) | F17: =IF(D17="Dialogue Forum","PI-002",IF(D17="Capacity Building Workshop","PI-006",IF(D17="Advocacy Campaign","PI-013",IF(D17="Stakeholder Coordination Meeting","PI-015",IF(D17="M&E Activity","ME-001",""))))) | G17: =IFERROR(_xlfn.XLOOKUP(F17,Chart_of_Accounts!$B:$B,Chart_of_Accounts!$A:$A,""),"") | J17: =IF(I17="","",IF(I17<18,"Under 18",IF(I17<=35,"18-35",IF(I17<=59,"36-59",IF(I17<=69,"60-69",IF(I17<=79,"70-79","80+"))))))
... A304: =IF(H304="","","ATT-"&TEXT(ROW()-4,"0000")) | C304: =IF(B304="","",TEXT(B304,"mmm-yy")) | E304: =IF(D304="Dialogue Forum","Activity 1: Inclusive Dialogue Forums",IF(D304="Capacity Building Workshop","Activity 2: Capacity Building Workshops",IF(D304="Advocacy Campaign","Activity 3: Advocacy Campaigns Against Ageism",IF(D304="Stakeholder Coordination Meeting","Activity 4: Stakeholder Coordination Meetings",IF(D304="M&E Activity","Monitoring & Evaluation",""))))) | F304: =IF(D304="Dialogue Forum","PI-002",IF(D304="Capacity Building Workshop","PI-006",IF(D304="Advocacy Campaign","PI-013",IF(D304="Stakeholder Coordination Meeting","PI-015",IF(D304="M&E Activity","ME-001",""))))) | G304: =IFERROR(_xlfn.XLOOKUP(F304,Chart_of_Accounts!$B:$B,Chart_of_Accounts!$A:$A,""),"") | J304: =IF(I304="","",IF(I304<18,"Under 18",IF(I304<=35,"18-35",IF(I304<=59,"36-59",IF(I304<=69,"60-69",IF(I304<=79,"70-79","80+"))))))

Sheet Attendance_Summary
A1: EWAKI ATTENDANCE SUMMARY - LINKED TO DONOR AUDIT LEDGER
A3: Total Registered Participants | B3: =COUNTA(Attendance_Register!$H$5:$H$304) -> 1 | D3: By Sex | E3: Count | F3: % of Registered | H3: By Age Group | I3: Count | J3: % of Registered
A4: Total Present | B4: =COUNTIF(Attendance_Register!$P$5:$P$304,"Present") -> 1 | D4: Female | E4: =COUNTIF(Attendance_Register!$K$5:$K$304,D4) -> 0 | F4: =IF($B$3=0,0,E4/$B$3) -> 0 | H4: Under 18 | I4: =COUNTIF(Attendance_Register!$J$5:$J$304,H4) -> 0 | J4: =IF($B$3=0,0,I4/$B$3) -> 0
A5: Total Female | B5: =COUNTIF(Attendance_Register!$K$5:$K$304,"Female") -> 0 | D5: Male | E5: =COUNTIF(Attendance_Register!$K$5:$K$304,D5) -> 1 | F5: =IF($B$3=0,0,E5/$B$3) -> 1 | H5: 18-35 | I5: =COUNTIF(Attendance_Register!$J$5:$J$304,H5) -> 0 | J5: =IF($B$3=0,0,I5/$B$3) -> 0
A6: Total Male | B6: =COUNTIF(Attendance_Register!$K$5:$K$304,"Male") -> 1 | D6: Other | E6: =COUNTIF(Attendance_Register!$K$5:$K$304,D6) -> 0 | F6: =IF($B$3=0,0,E6/$B$3) -> 0 | H6: 36-59 | I6: =COUNTIF(Attendance_Register!$J$5:$J$304,H6) -> 1 | J6: =IF($B$3=0,0,I6/$B$3) -> 1
A7: Total With Disability | B7: =COUNTIFS(Attendance_Register!$M$5:$M$304,"<>No Disability",Attendance_Register!$M$5:$M$304,"<>") -> 0 | H7: 60-69 | I7: =COUNTIF(Attendance_Register!$J$5:$J$304,H7) -> 0 | J7: =IF($B$3=0,0,I7/$B$3) -> 0
A8: Total Without Disability | B8: =COUNTIF(Attendance_Register!$M$5:$M$304,"No Disability") -> 1 | H8: 70-79 | I8: =COUNTIF(Attendance_Register!$J$5:$J$304,H8) -> 0 | J8: =IF($B$3=0,0,I8/$B$3) -> 0
A9: Older Persons 60+ | B9: =COUNTIFS(Attendance_Register!$I$5:$I$304,">=60",Attendance_Register!$H$5:$H$304,"<>") -> 0 | D9: By Disability Status | E9: Count | F9: % of Registered | H9: 80+ | I9: =COUNTIF(Attendance_Register!$J$5:$J$304,H9) -> 0 | J9: =IF($B$3=0,0,I9/$B$3) -> 0
A10: Unique OPA/Stakeholder Affiliations | B10: 1 | D10: No Disability | E10: =COUNTIF(Attendance_Register!$M$5:$M$304,D10) -> 1 | F10: =IF($B$3=0,0,E10/$B$3) -> 1
A11: Linked Finance Ledger Workbook | B11: EWAKI_Finance_Manager_Donor_Audit_Ledger_Final | D11: Physical Disability | E11: =COUNTIF(Attendance_Register!$M$5:$M$304,D11) -> 0 | F11: =IF($B$3=0,0,E11/$B$3) -> 0
D12: Visual Impairment | E12: =COUNTIF(Attendance_Register!$M$5:$M$304,D12) -> 0 | F12: =IF($B$3=0,0,E12/$B$3) -> 0 | H12: OPA / Stakeholder Affiliation | I12: Registered | J12: Present | K12: % Present
D13: Hearing Impairment | E13: =COUNTIF(Attendance_Register!$M$5:$M$304,D13) -> 0 | F13: =IF($B$3=0,0,E13/$B$3) -> 0 | H13: =Lists!J2 -> Older Persons Association | I13: =COUNTIF(Attendance_Register!$L$5:$L$304,H13) -> 0 | J13: =COUNTIFS(Attendance_Register!$L$5:$L$304,H13,Attendance_Register!$P$5:$P$304,"Present") -> 0 | K13: =IF(I13=0,0,J13/I13) -> 0
A14: Activity Attendance Link | B14: Donor Budget Code | C14: Account Code | D14: Present Participants | E14: Linked Budget Line | H14: =Lists!J3 -> OPA Leader | I14: =COUNTIF(Attendance_Register!$L$5:$L$304,H14) -> 0 | J14: =COUNTIFS(Attendance_Register!$L$5:$L$304,H14,Attendance_Register!$P$5:$P$304,"Present") -> 0 | K14: =IF(I14=0,0,J14/I14) -> 0
A15: Dialogue Forum | B15: PI-002 | C15: =IFERROR(_xlfn.XLOOKUP(B15,Chart_of_Accounts!$B:$B,Chart_of_Accounts!$A:$A,""),"") -> 5102 | D15: =COUNTIFS(Attendance_Register!$D$5:$D$304,A15,Attendance_Register!$P$5:$P$304,"Present") -> 0 | E15: =IFERROR(_xlfn.XLOOKUP(B15,Chart_of_Accounts!$B:$B,Chart_of_Accounts!$C:$C,""),"") -> Participant transport / meals | H15: =Lists!J4 -> OPA Member | I15: =COUNTIF(Attendance_Register!$L$5:$L$304,H15) -> 1 | J15: =COUNTIFS(Attendance_Register!$L$5:$L$304,H15,Attendance_Register!$P$5:$P$304,"Present") -> 1 | K15: =IF(I15=0,0,J15/I15) -> 1
A16: Capacity Building Workshop | B16: PI-006 | C16: =IFERROR(_xlfn.XLOOKUP(B16,Chart_of_Accounts!$B:$B,Chart_of_Accounts!$A:$A,""),"") -> 5112 | D16: =COUNTIFS(Attendance_Register!$D$5:$D$304,A16,Attendance_Register!$P$5:$P$304,"Present") -> 1 | E16: =IFERROR(_xlfn.XLOOKUP(B16,Chart_of_Accounts!$B:$B,Chart_of_Accounts!$C:$C,""),"") -> Participant transport / meals | H16: =Lists!J5 -> CSO Representative | I16: =COUNTIF(Attendance_Register!$L$5:$L$304,H16) -> 0 | J16: =COUNTIFS(Attendance_Register!$L$5:$L$304,H16,Attendance_Register!$P$5:$P$304,"Present") -> 0 | K16: =IF(I16=0,0,J16/I16) -> 0
A17: Advocacy Campaign | B17: PI-013 | C17: =IFERROR(_xlfn.XLOOKUP(B17,Chart_of_Accounts!$B:$B,Chart_of_Accounts!$A:$A,""),"") -> 5125 | D17: =COUNTIFS(Attendance_Register!$D$5:$D$304,A17,Attendance_Register!$P$5:$P$304,"Present") -> 0 | E17: =IFERROR(_xlfn.XLOOKUP(B17,Chart_of_Accounts!$B:$B,Chart_of_Accounts!$C:$C,""),"") -> Community mobilisation transport/meals (1 campaign) | H17: =Lists!J6 -> Local Government Authority | I17: =COUNTIF(Attendance_Register!$L$5:$L$304,H17) -> 0 | J17: =COUNTIFS(Attendance_Register!$L$5:$L$304,H17,Attendance_Register!$P$5:$P$304,"Present") -> 0 | K17: =IF(I17=0,0,J17/I17) -> 0
A18: Stakeholder Coordination Meeting | B18: PI-015 | C18: =IFERROR(_xlfn.XLOOKUP(B18,Chart_of_Accounts!$B:$B,Chart_of_Accounts!$A:$A,""),"") -> 5132 | D18: =COUNTIFS(Attendance_Register!$D$5:$D$304,A18,Attendance_Register!$P$5:$P$304,"Present") -> 0 | E18: =IFERROR(_xlfn.XLOOKUP(B18,Chart_of_Accounts!$B:$B,Chart_of_Accounts!$C:$C,""),"") -> Participant transport / meals | H18: =Lists!J7 -> Community Representative | I18: =COUNTIF(Attendance_Register!$L$5:$L$304,H18) -> 0 | J18: =COUNTIFS(Attendance_Register!$L$5:$L$304,H18,Attendance_Register!$P$5:$P$304,"Present") -> 0 | K18: =IF(I18=0,0,J18/I18) -> 0
A19: M&E Activity | B19: ME-001 | C19: =IFERROR(_xlfn.XLOOKUP(B19,Chart_of_Accounts!$B:$B,Chart_of_Accounts!$A:$A,""),"") -> 5201 | D19: =COUNTIFS(Attendance_Register!$D$5:$D$304,A19,Attendance_Register!$P$5:$P$304,"Present") -> 0 | E19: =IFERROR(_xlfn.XLOOKUP(B19,Chart_of_Accounts!$B:$B,Chart_of_Accounts!$C:$C,""),"") -> Results framework design & M&E plan [One-off; Month 1] | H19: =Lists!J8 -> Caregiver | I19: =COUNTIF(Attendance_Register!$L$5:$L$304,H19) -> 0 | J19: =COUNTIFS(Attendance_Register!$L$5:$L$304,H19,Attendance_Register!$P$5:$P$304,"Present") -> 0 | K19: =IF(I19=0,0,J19/I19) -> 0
H20: =Lists!J9 -> Person with Disability Group | I20: =COUNTIF(Attendance_Register!$L$5:$L$304,H20) -> 0 | J20: =COUNTIFS(Attendance_Register!$L$5:$L$304,H20,Attendance_Register!$P$5:$P$304,"Present") -> 0 | K20: =IF(I20=0,0,J20/I20) -> 0
H21: =Lists!J10 -> Other | I21: =COUNTIF(Attendance_Register!$L$5:$L$304,H21) -> 0 | J21: =COUNTIFS(Attendance_Register!$L$5:$L$304,H21,Attendance_Register!$P$5:$P$304,"Present") -> 0 | K21: =IF(I21=0,0,J21/I21) -> 0
